Workbook

Sheet Récap

Sheet JAN 2023
A1: JANVIER
B2: 44999 | C2: ARKEA | D2: BNPP | E2: CIC | F2: CRCA | G2: CRCA E-COMMERCE | H2: CREDIT COOP | I2: HSBC € | J2: LCL | K2: SOCIETE GLE | L2: TOTAL € | M2: BNP $ | N2: HSBC $ | O2: TOTAL $
A3: 44896 | B3: Découvert autorisé | C3: 1000000 | D3: 3000000 | E3: 2000000 | F3: 7000000 | G3: 0 | H3: 0 | I3: 0 | J3: 0 | K3: 0 | L3: - | M3: 3000000 | N3: 0 | O3: -
A4: 44927 | B4: Solde min. | C4: 100000 | D4: 1700000 | E4: 800000 | F4: 4500000 | G4: 60000 | H4: 0 | I4: 40000 | J4: 1000000 | K4: 300000 | L4: =SUM(C4:K4) -> 8500000 | M4: 180000 | N4: 250000 | O4: =SUM(M4:N4) -> 430000
B5: Solde haut | C5: 120000 | D5: 1900000 | E5: 1000000 | F5: 5200000 | G5: 80000 | H5: 0 | I5: 80000 | J5: 1200000 | K5: 350000 | L5: =SUM(C5:K5) -> 9930000 | M5: 200000 | N5: 400000 | O5: =SUM(M5:N5) -> 600000
A6: 44928 | C6: 1 | D6: 1 | E6: 1 | F6: 1 | G6: 1 | H6: 0 | I6: 1 | J6: 1 | K6: 1 | M6: 1 | N6: 1
B8: DECAISSEMENTS (avec potentiel) | L8: =SUM(C8:K8) -> 0 | M8: =SUM(M9,M19,M25,M44,M34) -> 0 | N8: =SUM(N9,N19,N25,N44,N34) -> 0 | O8: =SUM(M8:N8) -> 0
A9: =DAY(A4+2)&"/"&MONTH(A4+2)&" - "&DAY(A97+1)&"/"&MONTH(A97+1) -> 3/1 - 9/1 | B9: Fournisseurs | L9: =SUM(C9:K9) -> 0 | M9: =+SUM(M10:M11,M15) -> 0 | N9: =+SUM(N10:N11,N15) -> 0 | O9: =SUM(M9:N9) -> 0
B10: Virements TIERS | L10: =SUM(C10:K10) -> 0 | O10: =SUM(M10:N10) -> 0
B11: Virements FILIALES | L11: =SUM(C11:K11) -> 0 | O11: =SUM(M11:N11) -> 0
B12: PSRO | L12: =SUM(C12:K12) -> 0 | O12: =SUM(M12:N12) -> 0
B13: PCN | L13: =SUM(C13:K13) -> 0 | O13: =SUM(M13:N13) -> 0
B14: Autres filiales | L14: =SUM(C14:K14) -> 0 | O14: =SUM(M14:N14) -> 0
B15: Prélèvements TIERS | L15: =SUM(C15:K15) -> 0 | O15: =SUM(M15:N15) -> 0
B16: Frais bancaires | L16: =SUM(C16:K16) -> 0 | O16: =SUM(M16:N16) -> 0
B17: Cartes affaires / procurement | L17: =SUM(C17:K17) -> 0 | O17: =SUM(M17:N17) -> 0
B18: Autres frais généraux | L18: =SUM(C18:K18) -> 0 | O18: =SUM(M18:N18) -> 0
A19: =DAY(A4+2)&"/"&MONTH(A4+2)&" - "&DAY(A97+1)&"/"&MONTH(A97+1) -> 3/1 - 9/1 | B19: Fournisseurs (potentiel) | L19: =SUM(C19:K19) -> 0 | O19: =SUM(M19:N19) -> 0
B20: Virements TIERS (potentiel) | L20: =SUM(C20:K20) -> 0 | O20: =SUM(M20:N20) -> 0
B21: Virements FILIALES (potentiel) | L21: =SUM(C21:K21) -> 0 | O21: =SUM(M21:N21) -> 0
B22: PSRO | L22: =SUM(C22:K22) -> 0 | O22: =SUM(M22:N22) -> 0
B23: PCN | L23: =SUM(C23:K23) -> 0 | O23: =SUM(M23:N23) -> 0
B24: Autres filiales | L24: =SUM(C24:K24) -> 0 | O24: =SUM(M24:N24) -> 0
A25: =DAY(A4+2)&"/"&MONTH(A4+2)&" - "&DAY(A97+1)&"/"&MONTH(A97+1) -> 3/1 - 9/1 | B25: Personnel et organismes sociaux | L25: =SUM(C25:K25) -> 0 | M25: =+SUM(M26,M31:M33) -> 0 | N25: =+SUM(N26,N31:N33) -> 0 | O25: =SUM(M25:N25) -> 0
B26: Charges de personnel | L26: =SUM(C26:K26) -> 0 | M26: =SUM(M27:M30) -> 0 | N26: =SUM(N27:N30) -> 0 | O26: =SUM(M26:N26) -> 0
B27: Salaires | L27: =SUM(C27:K27) -> 0 | O27: =SUM(M27:N27) -> 0
B28: URSSAF | L28: =SUM(C28:K28) -> 0 | O28: =SUM(M28:N28) -> 0
B29: Prélèvement à la source | L29: =SUM(C29:K29) -> 0 | O29: =SUM(M29:N29) -> 0
B30: Autres charges de personnel | L30: =SUM(C30:K30) -> 0 | O30: =SUM(M30:N30) -> 0
B31: Mutuelle | L31: =SUM(C31:K31) -> 0 | O31: =SUM(M31:N31) -> 0
B32: Retraite | L32: =SUM(C32:K32) -> 0 | O32: =SUM(M32:N32) -> 0
B33: Intéressement et participation | L33: =SUM(C33:K33) -> 0 | O33: =SUM(M33:N33) -> 0
A34: =DAY(A4+2)&"/"&MONTH(A4+2)&" - "&DAY(A97+1)&"/"&MONTH(A97+1) -> 3/1 - 9/1 | B34: Impôts et taxes | L34: =SUM(C34:K34) -> 0 | M34: =+SUM(M35:M37) -> 0 | N34: =+SUM(N35:N37) -> 0 | O34: =SUM(M34:N34) -> 0
B35: TVA | L35: =SUM(C35:K35) -> 0 | O35: =SUM(M35:N35) -> 0
B36: CET (CVAE + CFE) | L36: =SUM(C36:K36) -> 0 | O36: =SUM(M36:N36) -> 0
B37: Autres taxes | L37: =SUM(C37:K37) -> 0 | M37: =SUM(M38:M43) -> 0 | N37: =SUM(N38:N43) -> 0 | O37: =SUM(M37:N37) -> 0
B38: Taxe foncière | L38: =SUM(C38:K38) -> 0 | O38: =SUM(M38:N38) -> 0
B39: C3S | L39: =SUM(C39:K39) -> 0 | O39: =SUM(M39:N39) -> 0
B40: Effort de construction (PEEC) | L40: =SUM(C40:K40) -> 0 | O40: =SUM(M40:N40) -> 0
B41: UIMM | L41: =SUM(C41:K41) -> 0 | O41: =SUM(M41:N41) -> 0
B42: CETIM | L42: =SUM(C42:K42) -> 0 | O42: =SUM(M42:N42) -> 0
B43: Autres taxes | L43: =SUM(C43:K43) -> 0 | O43: =SUM(M43:N43) -> 0
A44: =DAY(A4+2)&"/"&MONTH(A4+2)&" - "&DAY(A97+1)&"/"&MONTH(A97+1) -> 3/1 - 9/1 | B44: Décaissements ponctuels | L44: =SUM(C44:K44) -> 0 | M44: =+SUM(M45:M47) -> 0 | N44: =+SUM(N45:N47) -> 0 | O44: =SUM(M44:N44) -> 0
B45: Dividendes payés | L45: =SUM(C45:K45) -> 0 | O45: =SUM(M45:N45) -> 0
B46: CSE | L46: =SUM(C46:K46) -> 0 | O46: =SUM(M46:N46) -> 0
B47: Autres décaissements | L47: =SUM(C47:K47) -> 0 | O47: =SUM(M47:N47) -> 0
B48: ENCAISSEMENTS (hors potentiel) | L48: =SUM(C48:K48) -> 0 | M48: =SUM(M49,M72) -> 0 | N48: =SUM(N49,N72) -> 0 | O48: =SUM(M48:N48) -> 0
A49: =DAY(A4-1)&"/"&MONTH(A4-1)&" - "&DAY(A97-2)&"/"&MONTH(A97-2) -> 31/12 - 6/1 | B49: Clients | L49: =SUM(C49:K49) -> 0 | M49: =+SUM(M50:M53) -> 0 | N49: =+SUM(N50:N53) -> 0 | O49: =SUM(M49:N49) -> 0
B50: LCR transférées | L50: =SUM(C50:K50) -> 0 | O50: =SUM(M50:N50) -> 0
B51: LCR non transférées | L51: =SUM(C51:K51) -> 0 | O51: =SUM(M51:N51) -> 0
B52: Virements TIERS (C) | L52: =SUM(C52:K52) -> 0 | O52: =SUM(M52:N52) -> 0
B53: Virements FILIALES (C) | L53: =SUM(C53:K53) -> 0 | M53: =+SUM(M54:M62) -> 0 | N53: =+SUM(N54:N62) -> 0 | O53: =SUM(M53:N53) -> 0
B54: Volentieri (BNP) + Iberica (CA) | L54: =SUM(C54:K54) -> 0 | O54: =SUM(M54:N54) -> 0
B55: Italia (BNP) + America (BNP) | L55: =SUM(C55:K55) -> 0 | O55: =SUM(M55:N55) -> 0
B56: Pera (CA) | L56: =SUM(C56:K56) -> 0 | O56: =SUM(M56:N56) -> 0
B57: Pellenc GmbH (CRCA) | L57: =SUM(C57:K57) -> 0 | O57: =SUM(M57:N57) -> 0
B58: Pellenc Australia (CRCA) | L58: =SUM(C58:K58) -> 0 | O58: =SUM(M58:N58) -> 0
B59: Pellenc South Africa (CRCA) | L59: =SUM(C59:K59) -> 0 | O59: =SUM(M59:N59) -> 0
B60: Pellenc Maroc (CRCA) | L60: =SUM(C60:K60) -> 0 | O60: =SUM(M60:N60) -> 0
B61: Pellenc Sud America (CRCA) | L61: =SUM(C61:K61) -> 0 | O61: =SUM(M61:N61) -> 0
B62: Autres filiales | L62: =SUM(C62:K62) -> 0 | O62: =SUM(M62:N62) -> 0
A63: =DAY(A4-1)&"/"&MONTH(A4-1)&" - "&DAY(A97-2)&"/"&MONTH(A97-2) -> 31/12 - 6/1 | B63: Clients (potentiel) | L63: =SUM(C63:K63) -> 0 | M63: =+SUM(M64:M65) -> 0 | N63: =+SUM(N64:N65) -> 0 | O63: =SUM(M63:N63) -> 0
B64: Virements TIERS (potentiel) (C) | L64: =SUM(C64:K64) -> 0 | O64: =SUM(M64:N64) -> 0
B65: Virements FILIALES (potentiel) (C) | L65: =SUM(C65:K65) -> 0 | M65: =+SUM(M66:M71) -> 0 | N65: =+SUM(N66:N71) -> 0 | O65: =SUM(M65:N65) -> 0
B66: Pellenc GmbH (CRCA) | L66: =SUM(C66:K66) -> 0 | O66: =SUM(M66:N66) -> 0
B67: Pellenc Australia (CRCA) | L67: =SUM(C67:K67) -> 0 | O67: =SUM(M67:N67) -> 0
B68: Pellenc South Africa (CRCA) | L68: =SUM(C68:K68) -> 0 | O68: =SUM(M68:N68) -> 0
B69: Pellenc Maroc (CRCA) | L69: =SUM(C69:K69) -> 0 | O69: =SUM(M69:N69) -> 0
B70: Pellenc Sud America (CRCA) | L70: =SUM(C70:K70) -> 0 | O70: =SUM(M70:N70) -> 0
B71: Autres filiales | L71: =SUM(C71:K71) -> 0 | O71: =SUM(M71:N71) -> 0
A72: =DAY(A4-1)&"/"&MONTH(A4-1)&" - "&DAY(A97-2)&"/"&MONTH(A97-2) -> 31/12 - 6/1 | B72: Encaissements ponctuels | L72: =SUM(C72:K72) -> 0 | M72: =+SUM(M73:M74,M78) -> 0 | N72: =+SUM(N73:N74,N78) -> 0 | O72: =SUM(M72:N72) -> 0
B73: Dividendes reçus | L73: =SUM(C73:K73) -> 0 | O73: =SUM(M73:N73) -> 0
B74: Etat et organismes publics | L74: =SUM(C74:K74) -> 0 | M74: =+SUM(M75:M77) -> 0 | N74: =+SUM(N75:N77) -> 0 | O74: =SUM(M74:N74) -> 0
B75: Remboursement TVA | L75: =SUM(C75:K75) -> 0 | O75: =SUM(M75:N75) -> 0
B76: Remboursement CIR | L76: =SUM(C76:K76) -> 0 | O76: =SUM(M76:N76) -> 0
B77: Autres versements | L77: =SUM(C77:K77) -> 0 | O77: =SUM(M77:N77) -> 0
B78: Autres encaissements | L78: =SUM(C78:K78) -> 0 | O78: =SUM(M78:N78) -> 0
B79: OPERATIONS DE GESTION | L79: =SUM(C79:K79) -> 0 | M79: =+SUM(M80:M82,M83,M90) -> 0 | N79: =+SUM(N80:N82,N83,N90) -> 0 | O79: =SUM(M79:N79) -> 0
B80: Compte à compte | L80: =SUM(C80:K80) -> 0 | O80: =SUM(M80:N80) -> 0
B81: Achat dollars | L81: =SUM(C81:K81) -> 0 | O81: =SUM(M81:N81) -> 0
B82: Ajustement | L82: =SUM(C82:K82) -> 0 | O82: =SUM(M82:N82) -> 0
B83: Intragroupe | L83: =SUM(C83:K83) -> 0 | M83: =+SUM(M84,M87) -> 0 | N83: =+SUM(N84,N87) -> 0 | O83: =SUM(M83:N83) -> 0
B84: Remboursement FILIALES | L84: =SUM(C84:K84) -> 0 | M84: =+SUM(M85:M86) -> 0 | N84: =+SUM(N85:N86) -> 0 | O84: =SUM(M84:N84) -> 0
B85: Remboursement de prêt | L85: =SUM(C85:K85) -> 0 | O85: =SUM(M85:N85) -> 0
B86: Remboursement d'avance | L86: =SUM(C86:K86) -> 0 | O86: =SUM(M86:N86) -> 0
B87: Prêt FILIALES | L87: =SUM(C87:K87) -> 0 | M87: =+SUM(M88:M89) -> 0 | N87: =+SUM(N88:N89) -> 0 | O87: =SUM(M87:N87) -> 0
B88: Prêt à terme | L88: =SUM(C88:K88) -> 0 | O88: =SUM(M88:N88) -> 0
B89: Avance de trésorerie | L89: =SUM(C89:K89) -> 0 | O89: =SUM(M89:N89) -> 0
B90: Banque | L90: =SUM(C90:K90) -> 0 | M90: =+SUM(M91,M94) -> 0 | N90: =+SUM(N91,N94) -> 0 | O90: =SUM(M90:N90) -> 0
B91: Souscription d'emprunt | L91: =SUM(C91:K91) -> 0 | M91: =+SUM(M92:M93) -> 0 | N91: =+SUM(N92:N93) -> 0 | O91: =SUM(M91:N91) -> 0
B92: Déblocage Prêt à terme | L92: =SUM(C92:K92) -> 0 | O92: =SUM(M92:N92) -> 0
B93: Tirage Crédit renouvelable | L93: =SUM(C93:K93) -> 0 | O93: =SUM(M93:N93) -> 0
B94: Remboursement d'emprunt | C94: =+SUM(C95:C96) -> 0 | D94: =+SUM(D95:D96) -> 0 | E94: =+SUM(E95:E96) -> 0 | F94: =+SUM(F95:F96) -> 0 | G94: =+SUM(G95:G96) -> 0 | H94: =+SUM(H95:H96) -> 0 | I94: =+SUM(I95:I96) -> 0 | J94: =+SUM(J95:J96) -> 0 | K94: =+SUM(K95:K96) -> 0 | L94: =SUM(C94:K94) -> 0 | M94: =+SUM(M95:M96) -> 0 | N94: =+SUM(N95:N96) -> 0 | O94: =SUM(M94:N94) -> 0
B95: Rembst Prêt à terme | L95: =SUM(C95:K95) -> 0 | O95: =SUM(M95:N95) -> 0
B96: Rembst Crédit renouvelable | L96: =SUM(C96:K96) -> 0 | O96: =SUM(M96:N96) -> 0
A97: =+A4+7 -> 44934 | B97: Solde min. | C97: =+SUM(C4,C8,C48,C79) -> 100000 | D97: =+SUM(D4,D8,D48,D79) -> 1700000 | E97: =+SUM(E4,E8,E48,E79) -> 800000 | F97: =+SUM(F4,F8,F48,F79) -> 4500000 | G97: =+SUM(G4,G8,G48,G79) -> 60000 | H97: =+SUM(H4,H8,H48,H79) -> 0 | I97: =+SUM(I4,I8,I48,I79) -> 40000 | J97: =+SUM(J4,J8,J48,J79) -> 1000000 | K97: =+SUM(K4,K8,K48,K79) -> 300000 | L97: =SUM(C97:K97) -> 8500000 | M97: =+SUM(M4,M8,M48,M79) -> 180000 | N97: =+SUM(N4,N8,N48,N79) -> 250000 | O97: =SUM(M97:N97) -> 430000
B98: Solde haut | C98: =+SUM(C5,C8,C48,C79)+C63 -> 120000 | D98: =+SUM(D5,D8,D48,D79)+D63 -> 1900000 | E98: =+SUM(E5,E8,E48,E79)+E63 -> 1000000 | F98: =+SUM(F5,F8,F48,F79)+F63 -> 5200000 | G98: =+SUM(G5,G8,G48,G79)+G63 -> 80000 | H98: =+SUM(H5,H8,H48,H79)+H63 -> 0 | I98: =+SUM(I5,I8,I48,I79)+I63 -> 80000 | J98: =+SUM(J5,J8,J48,J79)+J63 -> 1200000 | K98: =+SUM(K5,K8,K48,K79)+K63 -> 350000 | L98: =SUM(C98:K98) -> 9930000 | M98: =+SUM(M5,M8,M48,M79)+M63 -> 200000 | N98: =+SUM(N5,N8,N48,N79)+N63 -> 400000 | O98: =SUM(M98:N98) -> 600000
A99: =+A97+1 -> 44935 | C99: =IF(C$3=0,IF(C97+C101>0,1,0),IF((C97+C101)>0.8*-C$3,1,0)) -> 1 | D99: =IF(D$3=0,IF(D97+D101>0,1,0),IF((D97+D101)>0.8*-D$3,1,0)) -> 1 | E99: =IF(E$3=0,IF(E97+E101>0,1,0),IF((E97+E101)>0.8*-E$3,1,0)) -> 1 | F99: =IF(F$3=0,IF(F97+F101>0,1,0),IF((F97+F101)>0.8*-F$3,1,0)) -> 1 | G99: =IF(G$3=0,IF(G97+G101>0,1,0),IF((G97+G101)>0.8*-G$3,1,0)) -> 1 | H99: =IF(H$3=0,IF(H97+H101>0,1,0),IF((H97+H101)>0.8*-H$3,1,0)) -> 0 | I99: =IF(I$3=0,IF(I97+I101>0,1,0),IF((I97+I101)>0.8*-I$3,1,0)) -> 1 | J99: =IF(J$3=0,IF(J97+J101>0,1,0),IF((J97+J101)>0.8*-J$3,1,0)) -> 1 | K99: =IF(K$3=0,IF(K97+K101>0,1,0),IF((K97+K101)>0.8*-K$3,1,0)) -> 1 | M99: =IF(M$3=0,IF(M97+M101>0,1,0),IF((M97+M101)>0.8*-M$3,1,0)) -> 1 | N99: =IF(N$3=0,IF(N97+N101>0,1,0),IF((N97+N101)>0.8*-N$3,1,0)) -> 1
B101: DECAISSEMENTS (avec potentiel) | L101: =SUM(C101:K101) -> 0 | M101: =SUM(M102,M112,M118,M137,M127) -> 0 | N101: =SUM(N102,N112,N118,N137,N127) -> 0 | O101: =SUM(M101:N101) -> 0
A102: =DAY(A97+2)&"/"&MONTH(A97+2)&" - "&DAY(A190+1)&"/"&MONTH(A190+1) -> 10/1 - 16/1 | B102: Fournisseurs | L102: =SUM(C102:K102) -> 0 | M102: =+SUM(M103:M104,M108) -> 0 | N102: =+SUM(N103:N104,N108) -> 0 | O102: =SUM(M102:N102) -> 0
...

Sheet FEV 2023
B1: FEVRIER
C2: =+TODAY() -> 44999 | D2: ARKEA | E2: BNPP | F2: CIC | G2: CRCA | H2: CRCA E-COMMERCE | I2: CREDIT COOP | J2: HSBC € | K2: LCL | L2: SOCIETE GLE | M2: TOTAL € | N2: BNP $ | O2: HSBC $ | P2: TOTAL $
B3: 44896 | C3: Découvert autorisé | D3: 3000000 | E3: 5000000 | F3: 3000000 | G3: 5000000 | H3: 0 | I3: 0 | J3: 0 | K3: 0 | L3: 0 | M3: - | N3: 1500000 | O3: 0 | P3: -
B4: ='JAN 2023'!A376 -> 44955 | C4: Solde min. | D4: ='JAN 2023'!C376 -> 100000 | E4: ='JAN 2023'!D376 -> 1700000 | F4: ='JAN 2023'!E376 -> 800000 | G4: ='JAN 2023'!F376 -> 4500000 | H4: ='JAN 2023'!G376 -> 60000 | I4: ='JAN 2023'!H376 -> 0 | J4: ='JAN 2023'!I376 -> 40000 | K4: ='JAN 2023'!J376 -> 1000000 | L4: ='JAN 2023'!K376 -> 300000 | M4: =SUM(D4:L4) -> 8500000 | N4: ='JAN 2023'!M376 -> 180000 | O4: ='JAN 2023'!N376 -> 250000 | P4: =SUM(N4:O4) -> 430000
C5: Solde haut | D5: ='JAN 2023'!C377 -> 120000 | E5: ='JAN 2023'!D377 -> 1900000 | F5: ='JAN 2023'!E377 -> 1000000 | G5: ='JAN 2023'!F377 -> 5200000 | H5: ='JAN 2023'!G377 -> 80000 | I5: ='JAN 2023'!H377 -> 0 | J5: ='JAN 2023'!I377 -> 80000 | K5: ='JAN 2023'!J377 -> 1200000 | L5: ='JAN 2023'!K377 -> 350000 | M5: =SUM(D5:L5) -> 9930000 | N5: ='JAN 2023'!M377 -> 200000 | O5: ='JAN 2023'!N377 -> 400000 | P5: =SUM(N5:O5) -> 600000
B6: =+B4+1 -> 44956 | D6: =IF(D$3=0,IF(D4+D8>0,1,0),IF((D4+D8)>0.8*-D$3,1,0)) -> 1 | E6: =IF(E$3=0,IF(E4+E8>0,1,0),IF((E4+E8)>0.8*-E$3,1,0)) -> 1 | F6: =IF(F$3=0,IF(F4+F8>0,1,0),IF((F4+F8)>0.8*-F$3,1,0)) -> 1 | G6: =IF(G$3=0,IF(G4+G8>0,1,0),IF((G4+G8)>0.8*-G$3,1,0)) -> 1 | H6: =IF(H$3=0,IF(H4+H8>0,1,0),IF((H4+H8)>0.8*-H$3,1,0)) -> 1 | I6: =IF(I$3=0,IF(I4+I8>0,1,0),IF((I4+I8)>0.8*-I$3,1,0)) -> 0 | J6: =IF(J$3=0,IF(J4+J8>0,1,0),IF((J4+J8)>0.8*-J$3,1,0)) -> 1 | K6: =IF(K$3=0,IF(K4+K8>0,1,0),IF((K4+K8)>0.8*-K$3,1,0)) -> 1 | L6: =IF(L$3=0,IF(L4+L8>0,1,0),IF((L4+L8)>0.8*-L$3,1,0)) -> 1 | N6: =IF(N$3=0,IF(N4+N8>0,1,0),IF((N4+N8)>0.8*-N$3,1,0)) -> 1 | O6: =IF(O$3=0,IF(O4+O8>0,1,0),IF((O4+O8)>0.8*-O$3,1,0)) -> 1
C8: DECAISSEMENTS (avec potentiel) | D8: =SUM(D9,D19,D25,D44,D34) -> 0 | E8: =SUM(E9,E19,E25,E44,E34) -> 0 | F8: =SUM(F9,F19,F25,F44,F34) -> 0 | G8: =SUM(G9,G19,G25,G44,G34) -> 0 | H8: =SUM(H9,H19,H25,H44,H34) -> 0 | I8: =SUM(I9,I19,I25,I44,I34) -> 0 | J8: =SUM(J9,J19,J25,J44,J34) -> 0 | K8: =SUM(K9,K19,K25,K44,K34) -> 0 | L8: =SUM(L9,L19,L25,L44,L34) -> 0 | M8: =SUM(D8:L8) -> 0 | N8: =SUM(N9,N19,N25,N44,N34) -> 0 | O8: =SUM(O9,O19,O25,O44,O34) -> 0 | P8: =SUM(N8:O8) -> 0
B9: =DAY(B4+2)&"/"&MONTH(B4+2)&" - "&DAY(B97+1)&"/"&MONTH(B97+1) -> 31/1 - 6/2 | C9: Fournisseurs | D9: =+SUM(D10:D11,D15) -> 0 | E9: =+SUM(E10:E11,E15) -> 0 | F9: =+SUM(F10:F11,F15) -> 0 | G9: =+SUM(G10:G11,G15) -> 0 | H9: =+SUM(H10:H11,H15) -> 0 | I9: =+SUM(I10:I11,I15) -> 0 | J9: =+SUM(J10:J11,J15) -> 0 | K9: =+SUM(K10:K11,K15) -> 0 | L9: =+SUM(L10:L11,L15) -> 0 | M9: =SUM(D9:L9) -> 0 | N9: =+SUM(N10:N11,N15) -> 0 | O9: =+SUM(O10:O11,O15) -> 0 | P9: =SUM(N9:O9) -> 0
C10: Virements TIERS | M10: =SUM(D10:L10) -> 0 | P10: =SUM(N10:O10) -> 0
C11: Virements FILIALES | M11: =SUM(D11:L11) -> 0 | O11: =SUM(O12:O14) -> 0 | P11: =SUM(N11:O11) -> 0
C12: PSRO | M12: =SUM(D12:L12) -> 0 | P12: =SUM(N12:O12) -> 0
C13: PCN | M13: =SUM(D13:L13) -> 0 | P13: =SUM(N13:O13) -> 0
C14: Autres filiales | M14: =SUM(D14:L14) -> 0 | P14: =SUM(N14:O14) -> 0
C15: Prélèvements TIERS | M15: =SUM(D15:L15) -> 0 | O15: =SUM(O16:O18) -> 0 | P15: =SUM(N15:O15) -> 0
C16: Frais bancaires | M16: =SUM(D16:L16) -> 0 | P16: =SUM(N16:O16) -> 0
C17: Cartes affaires / procurement | M17: =SUM(D17:L17) -> 0 | P17: =SUM(N17:O17) -> 0
C18: Autres frais généraux | M18: =SUM(D18:L18) -> 0 | P18: =SUM(N18:O18) -> 0
B19: =DAY(B4+2)&"/"&MONTH(B4+2)&" - "&DAY(B97+1)&"/"&MONTH(B97+1) -> 31/1 - 6/2 | C19: Fournisseurs (potentiel) | M19: =SUM(D19:L19) -> 0 | N19: =+SUM(N20:N21) -> 0 | O19: =+SUM(O20:O21) -> 0 | P19: =SUM(N19:O19) -> 0
C20: Virements TIERS (potentiel) | M20: =SUM(D20:L20) -> 0 | P20: =SUM(N20:O20) -> 0
C21: Virements FILIALES (potentiel) | M21: =SUM(D21:L21) -> 0 | N21: =SUM(N22:N24) -> 0 | O21: =SUM(O22:O24) -> 0 | P21: =SUM(N21:O21) -> 0
C22: PSRO | M22: =SUM(D22:L22) -> 0 | P22: =SUM(N22:O22) -> 0
C23: PCN | M23: =SUM(D23:L23) -> 0 | P23: =SUM(N23:O23) -> 0
C24: Autres filiales | M24: =SUM(D24:L24) -> 0 | P24: =SUM(N24:O24) -> 0
B25: =DAY(B4+2)&"/"&MONTH(B4+2)&" - "&DAY(B97+1)&"/"&MONTH(B97+1) -> 31/1 - 6/2 | C25: Personnel et organismes sociaux | M25: =SUM(D25:L25) -> 0 | N25: =+SUM(N26,N31:N33) -> 0 | O25: =+SUM(O26,O31:O33) -> 0 | P25: =SUM(N25:O25) -> 0
C26: Charges de personnel | M26: =SUM(D26:L26) -> 0 | N26: =SUM(N27:N30) -> 0 | O26: =SUM(O27:O30) -> 0 | P26: =SUM(N26:O26) -> 0
C27: Salaires | M27: =SUM(D27:L27) -> 0 | P27: =SUM(N27:O27) -> 0
C28: URSSAF | M28: =SUM(D28:L28) -> 0 | P28: =SUM(N28:O28) -> 0
C29: Prélèvement à la source | M29: =SUM(D29:L29) -> 0 | P29: =SUM(N29:O29) -> 0
C30: Autres charges de personnel | M30: =SUM(D30:L30) -> 0 | P30: =SUM(N30:O30) -> 0
C31: Mutuelle | M31: =SUM(D31:L31) -> 0 | P31: =SUM(N31:O31) -> 0
C32: Retraite | M32: =SUM(D32:L32) -> 0 | P32: =SUM(N32:O32) -> 0
C33: Intéressement et participation | M33: =SUM(D33:L33) -> 0 | P33: =SUM(N33:O33) -> 0
B34: =DAY(B4+2)&"/"&MONTH(B4+2)&" - "&DAY(B97+1)&"/"&MONTH(B97+1) -> 31/1 - 6/2 | C34: Impôts et taxes | M34: =SUM(D34:L34) -> 0 | N34: =+SUM(N35:N37) -> 0 | O34: =+SUM(O35:O37) -> 0 | P34: =SUM(N34:O34) -> 0
C35: TVA | M35: =SUM(D35:L35) -> 0 | P35: =SUM(N35:O35) -> 0
C36: CET (CVAE + CFE) | M36: =SUM(D36:L36) -> 0 | P36: =SUM(N36:O36) -> 0
C37: Autres taxes | D37: =SUM(D38:D43) -> 0 | E37: =SUM(E38:E43) -> 0 | F37: =SUM(F38:F43) -> 0 | G37: =SUM(G38:G43) -> 0 | H37: =SUM(H38:H43) -> 0 | I37: =SUM(I38:I43) -> 0 | J37: =SUM(J38:J43) -> 0 | K37: =SUM(K38:K43) -> 0 | L37: =SUM(L38:L43) -> 0 | M37: =SUM(D37:L37) -> 0 | N37: =SUM(N38:N43) -> 0 | O37: =SUM(O38:O43) -> 0 | P37: =SUM(N37:O37) -> 0
C38: Taxe foncière | M38: =SUM(D38:L38) -> 0 | P38: =SUM(N38:O38) -> 0
C39: C3S | M39: =SUM(D39:L39) -> 0 | P39: =SUM(N39:O39) -> 0
C40: Effort de construction (PEEC) | M40: =SUM(D40:L40) -> 0 | P40: =SUM(N40:O40) -> 0
C41: UIMM | M41: =SUM(D41:L41) -> 0 | P41: =SUM(N41:O41) -> 0
C42: CETIM | M42: =SUM(D42:L42) -> 0 | P42: =SUM(N42:O42) -> 0
C43: Autres taxes | M43: =SUM(D43:L43) -> 0 | P43: =SUM(N43:O43) -> 0
B44: =DAY(B4+2)&"/"&MONTH(B4+2)&" - "&DAY(B97+1)&"/"&MONTH(B97+1) -> 31/1 - 6/2 | C44: Décaissements ponctuels | D44: =+SUM(D45:D47) -> 0 | E44: =+SUM(E45:E47) -> 0 | F44: =+SUM(F45:F47) -> 0 | G44: =+SUM(G45:G47) -> 0 | H44: =+SUM(H45:H47) -> 0 | I44: =+SUM(I45:I47) -> 0 | J44: =+SUM(J45:J47) -> 0 | K44: =+SUM(K45:K47) -> 0 | L44: =+SUM(L45:L47) -> 0 | M44: =SUM(D44:L44) -> 0 | N44: =+SUM(N45:N47) -> 0 | O44: =+SUM(O45:O47) -> 0 | P44: =SUM(N44:O44) -> 0
C45: Dividendes payés | M45: =SUM(D45:L45) -> 0 | P45: =SUM(N45:O45) -> 0
C46: CSE | M46: =SUM(D46:L46) -> 0 | P46: =SUM(N46:O46) -> 0
C47: Autres décaissements | M47: =SUM(D47:L47) -> 0 | P47: =SUM(N47:O47) -> 0
C48: ENCAISSEMENTS (hors potentiel) | D48: =SUM(D49,D72) -> 0 | E48: =SUM(E49,E72) -> 0 | F48: =SUM(F49,F72) -> 0 | G48: =SUM(G49,G72) -> 0 | H48: =SUM(H49,H72) -> 0 | I48: =SUM(I49,I72) -> 0 | J48: =SUM(J49,J72) -> 0 | K48: =SUM(K49,K72) -> 0 | L48: =SUM(L49,L72) -> 0 | M48: =SUM(D48:L48) -> 0 | N48: =SUM(N49,N72) -> 0 | O48: =SUM(O49,O72) -> 0 | P48: =SUM(N48:O48) -> 0
B49: =DAY(B4-1)&"/"&MONTH(B4-1)&" - "&DAY(B97-2)&"/"&MONTH(B97-2) -> 28/1 - 3/2 | C49: Clients | K49: =+SUM(K50:K53) -> 0 | L49: =+SUM(L50:L53) -> 0 | M49: =SUM(D49:L49) -> 0 | N49: =+SUM(N50:N53) -> 0 | O49: =+SUM(O50:O53) -> 0 | P49: =SUM(N49:O49) -> 0
C50: LCR transférées | M50: =SUM(D50:L50) -> 0 | P50: =SUM(N50:O50) -> 0
C51: LCR non transférées | M51: =SUM(D51:L51) -> 0 | P51: =SUM(N51:O51) -> 0
C52: Virements TIERS (C) | M52: =SUM(D52:L52) -> 0 | P52: =SUM(N52:O52) -> 0
C53: Virements FILIALES (C) | K53: =+SUM(K54:K62) -> 0 | L53: =+SUM(L54:L62) -> 0 | M53: =SUM(D53:L53) -> 0 | N53: =+SUM(N54:N62) -> 0 | O53: =+SUM(O54:O62) -> 0 | P53: =SUM(N53:O53) -> 0
C54: Volentieri (BNP) + Iberica (CA) | M54: =SUM(D54:L54) -> 0 | P54: =SUM(N54:O54) -> 0
C55: Italia (BNP) + America (BNP) | M55: =SUM(D55:L55) -> 0 | P55: =SUM(N55:O55) -> 0
C56: Pera (CA) | M56: =SUM(D56:L56) -> 0 | P56: =SUM(N56:O56) -> 0
C57: Pellenc GmbH (CRCA) | M57: =SUM(D57:L57) -> 0 | P57: =SUM(N57:O57) -> 0
C58: Pellenc Australia (CRCA) | M58: =SUM(D58:L58) -> 0 | P58: =SUM(N58:O58) -> 0
C59: Pellenc South Africa (CRCA) | M59: =SUM(D59:L59) -> 0 | P59: =SUM(N59:O59) -> 0
C60: Pellenc Maroc (CRCA) | M60: =SUM(D60:L60) -> 0 | P60: =SUM(N60:O60) -> 0
C61: Pellenc Sud America (CRCA) | M61: =SUM(D61:L61) -> 0 | P61: =SUM(N61:O61) -> 0
C62: Autres filiales | M62: =SUM(D62:L62) -> 0 | P62: =SUM(N62:O62) -> 0
B63: =DAY(B4-1)&"/"&MONTH(B4-1)&" - "&DAY(B97-2)&"/"&MONTH(B97-2) -> 28/1 - 3/2 | C63: Clients (potentiel) | K63: =+SUM(K64:K65) -> 0 | L63: =+SUM(L64:L65) -> 0 | M63: =SUM(D63:L63) -> 0 | N63: =+SUM(N64:N65) -> 0 | O63: =+SUM(O64:O65) -> 0 | P63: =SUM(N63:O63) -> 0
C64: Virements TIERS (potentiel) (C) | M64: =SUM(D64:L64) -> 0 | P64: =SUM(N64:O64) -> 0
C65: Virements FILIALES (potentiel) (C) | K65: =+SUM(K66:K71) -> 0 | L65: =+SUM(L66:L71) -> 0 | M65: =SUM(D65:L65) -> 0 | N65: =+SUM(N66:N71) -> 0 | O65: =+SUM(O66:O71) -> 0 | P65: =SUM(N65:O65) -> 0
C66: Pellenc GmbH (CRCA) | M66: =SUM(D66:L66) -> 0 | P66: =SUM(N66:O66) -> 0
C67: Pellenc Australia (CRCA) | M67: =SUM(D67:L67) -> 0 | P67: =SUM(N67:O67) -> 0
C68: Pellenc South Africa (CRCA) | M68: =SUM(D68:L68) -> 0 | P68: =SUM(N68:O68) -> 0
C69: Pellenc Maroc (CRCA) | M69: =SUM(D69:L69) -> 0 | P69: =SUM(N69:O69) -> 0
C70: Pellenc Sud America (CRCA) | M70: =SUM(D70:L70) -> 0 | P70: =SUM(N70:O70) -> 0
C71: Autres filiales | M71: =SUM(D71:L71) -> 0 | P71: =SUM(N71:O71) -> 0
B72: =DAY(B4-1)&"/"&MONTH(B4-1)&" - "&DAY(B97-2)&"/"&MONTH(B97-2) -> 28/1 - 3/2 | C72: Encaissements ponctuels | K72: =+SUM(K73:K74,K78) -> 0 | L72: =+SUM(L73:L74,L78) -> 0 | M72: =SUM(D72:L72) -> 0 | N72: =+SUM(N73:N74,N78) -> 0 | O72: =+SUM(O73:O74,O78) -> 0 | P72: =SUM(N72:O72) -> 0
C73: Dividendes reçus | M73: =SUM(D73:L73) -> 0 | P73: =SUM(N73:O73) -> 0
C74: Etat et organismes publics | D74: =+SUM(D75:D77) -> 0 | E74: =+SUM(E75:E77) -> 0 | F74: =+SUM(F75:F77) -> 0 | G74: =+SUM(G75:G77) -> 0 | H74: =+SUM(H75:H77) -> 0 | I74: =+SUM(I75:I77) -> 0 | J74: =+SUM(J75:J77) -> 0 | K74: =+SUM(K75:K77) -> 0 | L74: =+SUM(L75:L77) -> 0 | M74: =SUM(D74:L74) -> 0 | N74: =+SUM(N75:N77) -> 0 | O74: =+SUM(O75:O77) -> 0 | P74: =SUM(N74:O74) -> 0
C75: Remboursement TVA | M75: =SUM(D75:L75) -> 0 | P75: =SUM(N75:O75) -> 0
C76: Remboursement CIR | M76: =SUM(D76:L76) -> 0 | P76: =SUM(N76:O76) -> 0
C77: Autres versements | M77: =SUM(D77:L77) -> 0 | P77: =SUM(N77:O77) -> 0
C78: Autres encaissements | M78: =SUM(D78:L78) -> 0 | P78: =SUM(N78:O78) -> 0
C79: OPERATIONS DE GESTION | D79: =+SUM(D80:D82,D83,D90) -> 0 | E79: =+SUM(E80:E82,E83,E90) -> 0 | F79: =+SUM(F80:F82,F83,F90) -> 0 | G79: =+SUM(G80:G82,G83,G90) -> 0 | H79: =+SUM(H80:H82,H83,H90) -> 0 | I79: =+SUM(I80:I82,I83,I90) -> 0 | J79: =+SUM(J80:J82,J83,J90) -> 0 | K79: =+SUM(K80:K82,K83,K90) -> 0 | L79: =+SUM(L80:L82,L83,L90) -> 0 | M79: =SUM(D79:L79) -> 0 | N79: =+SUM(N80:N82,N83,N90) -> 0 | O79: =+SUM(O80:O82,O83,O90) -> 0 | P79: =SUM(N79:O79) -> 0
C80: Compte à compte | M80: =SUM(D80:L80) -> 0 | P80: =SUM(N80:O80) -> 0
C81: Achat dollars | M81: =SUM(D81:L81) -> 0 | P81: =SUM(N81:O81) -> 0
C82: Ajustement | M82: =SUM(D82:L82) -> 0 | P82: =SUM(N82:O82) -> 0
C83: Intragroupe | D83: =+SUM(D84,D87) -> 0 | L83: =+SUM(L84,L87) -> 0 | M83: =SUM(D83:L83) -> 0 | N83: =+SUM(N84,N87) -> 0 | O83: =+SUM(O84,O87) -> 0 | P83: =SUM(N83:O83) -> 0
C84: Remboursement FILIALES | D84: =+SUM(D85:D86) -> 0 | L84: =+SUM(L85:L86) -> 0 | M84: =SUM(D84:L84) -> 0 | N84: =+SUM(N85:N86) -> 0 | O84: =+SUM(O85:O86) -> 0 | P84: =SUM(N84:O84) -> 0
C85: Remboursement de prêt | M85: =SUM(D85:L85) -> 0 | P85: =SUM(N85:O85) -> 0
C86: Remboursement d'avance | M86: =SUM(D86:L86) -> 0 | P86: =SUM(N86:O86) -> 0
C87: Prêt FILIALES | D87: =+SUM(D88:D89) -> 0 | L87: =+SUM(L88:L89) -> 0 | M87: =SUM(D87:L87) -> 0 | N87: =+SUM(N88:N89) -> 0 | O87: =+SUM(O88:O89) -> 0 | P87: =SUM(N87:O87) -> 0
C88: Prêt à terme | M88: =SUM(D88:L88) -> 0 | P88: =SUM(N88:O88) -> 0
C89: Avance de trésorerie | M89: =SUM(D89:L89) -> 0 | P89: =SUM(N89:O89) -> 0
C90: Banque | D90: =+SUM(D91,D94) -> 0 | L90: =+SUM(L91,L94) -> 0 | M90: =SUM(D90:L90) -> 0 | N90: =+SUM(N91,N94) -> 0 | O90: =+SUM(O91,O94) -> 0 | P90: =SUM(N90:O90) -> 0
C91: Souscription d'emprunt | D91: =+SUM(D92:D93) -> 0 | L91: =+SUM(L92:L93) -> 0 | M91: =SUM(D91:L91) -> 0 | N91: =+SUM(N92:N93) -> 0 | O91: =+SUM(O92:O93) -> 0 | P91: =SUM(N91:O91) -> 0
C92: Déblocage Prêt à terme | M92: =SUM(D92:L92) -> 0 | P92: =SUM(N92:O92) -> 0
C93: Tirage Crédit renouvelable | M93: =SUM(D93:L93) -> 0 | P93: =SUM(N93:O93) -> 0
C94: Remboursement d'emprunt | D94: =+SUM(D95:D96) -> 0 | L94: =+SUM(L95:L96) -> 0 | M94: =SUM(D94:L94) -> 0 | N94: =+SUM(N95:N96) -> 0 | O94: =+SUM(O95:O96) -> 0 | P94: =SUM(N94:O94) -> 0
C95: Rembst Prêt à terme | M95: =SUM(D95:L95) -> 0 | P95: =SUM(N95:O95) -> 0
C96: Rembst Crédit renouvelable | M96: =SUM(D96:L96) -> 0 | P96: =SUM(N96:O96) -> 0
B97: =+B4+7 -> 44962 | C97: Solde min. | D97: =+SUM(D4,D8,D48,D79) -> 100000 | E97: =+SUM(E4,E8,E48,E79) -> 1700000 | F97: =+SUM(F4,F8,F48,F79) -> 800000 | G97: =+SUM(G4,G8,G48,G79) -> 4500000 | H97: =+SUM(H4,H8,H48,H79) -> 60000 | I97: =+SUM(I4,I8,I48,I79) -> 0 | J97: =+SUM(J4,J8,J48,J79) -> 40000 | K97: =+SUM(K4,K8,K48,K79) -> 1000000 | L97: =+SUM(L4,L8,L48,L79) -> 300000 | M97: =SUM(D97:L97) -> 8500000 | N97: =+SUM(N4,N8,N48,N79) -> 180000 | O97: =+SUM(O4,O8,O48,O79) -> 250000 | P97: =SUM(N97:O97) -> 430000
C98: Solde haut | D98: =+SUM(D5,D8,D48,D79)+D63 -> 120000 | E98: =+SUM(E5,E8,E48,E79)+E63 -> 1900000 | F98: =+SUM(F5,F8,F48,F79)+F63 -> 1000000 | G98: =+SUM(G5,G8,G48,G79)+G63 -> 5200000 | H98: =+SUM(H5,H8,H48,H79)+H63 -> 80000 | I98: =+SUM(I5,I8,I48,I79)+I63 -> 0 | J98: =+SUM(J5,J8,J48,J79)+J63 -> 80000 | K98: =+SUM(K5,K8,K48,K79)+K63 -> 1200000 | L98: =+SUM(L5,L8,L48,L79)+L63 -> 350000 | M98: =SUM(D98:L98) -> 9930000 | N98: =+SUM(N5,N8,N48,N79)+N63 -> 200000 | O98: =+SUM(O5,O8,O48,O79)+O63 -> 400000 | P98: =SUM(N98:O98) -> 600000
B99: =+B97+1 -> 44963 | D99: =IF(D$3=0,IF(D97+D101>0,1,0),IF((D97+D101)>0.8*-D$3,1,0)) -> 1 | E99: =IF(E$3=0,IF(E97+E101>0,1,0),IF((E97+E101)>0.8*-E$3,1,0)) -> 1 | F99: =IF(F$3=0,IF(F97+F101>0,1,0),IF((F97+F101)>0.8*-F$3,1,0)) -> 1 | G99: =IF(G$3=0,IF(G97+G101>0,1,0),IF((G97+G101)>0.8*-G$3,1,0)) -> 1 | H99: =IF(H$3=0,IF(H97+H101>0,1,0),IF((H97+H101)>0.8*-H$3,1,0)) -> 1 | I99: =IF(I$3=0,IF(I97+I101>0,1,0),IF((I97+I101)>0.8*-I$3,1,0)) -> 0 | J99: =IF(J$3=0,IF(J97+J101>0,1,0),IF((J97+J101)>0.8*-J$3,1,0)) -> 1 | K99: =IF(K$3=0,IF(K97+K101>0,1,0),IF((K97+K101)>0.8*-K$3,1,0)) -> 1 | L99: =IF(L$3=0,IF(L97+L101>0,1,0),IF((L97+L101)>0.8*-L$3,1,0)) -> 1 | N99: =IF(N$3=0,IF(N97+N101>0,1,0),IF((N97+N101)>0.8*-N$3,1,0)) -> 1 | O99: =IF(O$3=0,IF(O97+O101>0,1,0),IF((O97+O101)>0.8*-O$3,1,0)) -> 1
C101: DECAISSEMENTS (avec potentiel) | D101: =SUM(D102,D112,D118,D137,D127) -> 0 | E101: =SUM(E102,E112,E118,E137,E127) -> 0 | F101: =SUM(F102,F112,F118,F137,F127) -> 0 | G101: =SUM(G102,G112,G118,G137,G127) -> 0 | H101: =SUM(H102,H112,H118,H137,H127) -> 0 | I101: =SUM(I102,I112,I118,I137,I127) -> 0 | J101: =SUM(J102,J112,J118,J137,J127) -> 0 | K101: =SUM(K102,K112,K118,K137,K127) -> 0 | L101: =SUM(L102,L112,L118,L137,L127) -> 0 | M101: =SUM(D101:L101) -> 0 | N101: =SUM(N102,N112,N118,N137,N127) -> 0 | O101: =SUM(O102,O112,O118,O137,O127) -> 0 | P101: =SUM(N101:O101) -> 0
B102: =DAY(B97+2)&"/"&MONTH(B97+2)&" - "&DAY(B190+1)&"/"&MONTH(B190+1) -> 7/2 - 13/2 | C102: Fournisseurs | D102: =+SUM(D103:D104,D108) -> 0 | E102: =+SUM(E103:E104,E108) -> 0 | F102: =+SUM(F103:F104,F108) -> 0 | G102: =+SUM(G103:G104,G108) -> 0 | H102: =+SUM(H103:H104,H108) -> 0 | I102: =+SUM(I103:I104,I108) -> 0 | J102: =+SUM(J103:J104,J108) -> 0 | K102: =+SUM(K103:K104,K108) -> 0 | L102: =+SUM(L103:L104,L108) -> 0 | M102: =SUM(D102:L102) -> 0 | N102: =+SUM(N103:N104,N108) -> 0 | O102: =+SUM(O103:O104,O108) -> 0 | P102: =SUM(N102:O102) -> 0
...

Sheet MAR 2023
B1: MARS
C2: =+TODAY() -> 44999 | D2: ARKEA | E2: BNPP | F2: CIC | G2: CRCA | H2: CRCA E-COMMERCE | I2: CREDIT COOP | J2: HSBC € | K2: LCL | L2: SOCIETE GLE | M2: TOTAL € | N2: BNP $ | O2: HSBC $ | P2: TOTAL $
B3: 44896 | C3: Découvert autorisé | D3: 3000000 | E3: 5000000 | F3: 3000000 | G3: 5000000 | H3: 0 | I3: 0 | J3: 0 | K3: 0 | L3: 0 | M3: - | N3: 1500000 | O3: 0 | P3: -
B4: ='FEV 2023'!B376 -> 44983 | C4: Solde min. | D4: ='FEV 2023'!D376 -> 100000 | E4: ='FEV 2023'!E376 -> 1700000 | F4: ='FEV 2023'!F376 -> 800000 | G4: ='FEV 2023'!G376 -> 4500000 | H4: ='FEV 2023'!H376 -> 60000 | I4: ='FEV 2023'!I376 -> 0 | J4: ='FEV 2023'!J376 -> 40000 | K4: ='FEV 2023'!K376 -> 1000000 | L4: ='FEV 2023'!L376 -> 300000 | M4: =SUM(D4:L4) -> 8500000 | N4: ='FEV 2023'!N376 -> 180000 | O4: ='FEV 2023'!O376 -> 250000 | P4: =SUM(N4:O4) -> 430000
C5: Solde haut | D5: ='FEV 2023'!D377 -> 120000 | E5: ='FEV 2023'!E377 -> 1900000 | F5: ='FEV 2023'!F377 -> 1000000 | G5: ='FEV 2023'!G377 -> 5200000 | H5: ='FEV 2023'!H377 -> 80000 | I5: ='FEV 2023'!I377 -> 0 | J5: ='FEV 2023'!J377 -> 80000 | K5: ='FEV 2023'!K377 -> 1200000 | L5: ='FEV 2023'!L377 -> 350000 | M5: =SUM(D5:L5) -> 9930000 | N5: ='FEV 2023'!N377 -> 200000 | O5: ='FEV 2023'!O377 -> 400000 | P5: =SUM(N5:O5) -> 600000
B6: =+B4+1 -> 44984 | D6: =IF(D$3=0,IF(D4+D8>0,1,0),IF((D4+D8)>0.8*-D$3,1,0)) -> 1 | E6: =IF(E$3=0,IF(E4+E8>0,1,0),IF((E4+E8)>0.8*-E$3,1,0)) -> 1 | F6: =IF(F$3=0,IF(F4+F8>0,1,0),IF((F4+F8)>0.8*-F$3,1,0)) -> 1 | G6: =IF(G$3=0,IF(G4+G8>0,1,0),IF((G4+G8)>0.8*-G$3,1,0)) -> 1 | H6: =IF(H$3=0,IF(H4+H8>0,1,0),IF((H4+H8)>0.8*-H$3,1,0)) -> 1 | I6: =IF(I$3=0,IF(I4+I8>0,1,0),IF((I4+I8)>0.8*-I$3,1,0)) -> 0 | J6: =IF(J$3=0,IF(J4+J8>0,1,0),IF((J4+J8)>0.8*-J$3,1,0)) -> 1 | K6: =IF(K$3=0,IF(K4+K8>0,1,0),IF((K4+K8)>0.8*-K$3,1,0)) -> 1 | L6: =IF(L$3=0,IF(L4+L8>0,1,0),IF((L4+L8)>0.8*-L$3,1,0)) -> 1 | N6: =IF(N$3=0,IF(N4+N8>0,1,0),IF((N4+N8)>0.8*-N$3,1,0)) -> 1 | O6: =IF(O$3=0,IF(O4+O8>0,1,0),IF((O4+O8)>0.8*-O$3,1,0)) -> 1
A8: DECAISSEMENTS (avec potentiel) | B8: =+B9 -> 28/2 - 6/3 | C8: DECAISSEMENTS (avec potentiel) | D8: =SUM(D9,D19,D25,D44,D34) -> 0 | E8: =SUM(E9,E19,E25,E44,E34) -> 0 | F8: =SUM(F9,F19,F25,F44,F34) -> 0 | G8: =SUM(G9,G19,G25,G44,G34) -> 0 | H8: =SUM(H9,H19,H25,H44,H34) -> 0 | I8: =SUM(I9,I19,I25,I44,I34) -> 0 | J8: =SUM(J9,J19,J25,J44,J34) -> 0 | K8: =SUM(K9,K19,K25,K44,K34) -> 0 | L8: =SUM(L9,L19,L25,L44,L34) -> 0 | M8: =SUM(D8:L8) -> 0 | N8: =SUM(N9,N19,N25,N44,N34) -> 0 | O8: =SUM(O9,O19,O25,O44,O34) -> 0 | P8: =SUM(N8:O8) -> 0
A9: Fournisseurs | B9: =DAY(B4+2)&"/"&MONTH(B4+2)&" - "&DAY(B97+1)&"/"&MONTH(B97+1) -> 28/2 - 6/3 | C9: Fournisseurs | D9: =+SUM(D10:D11,D15) -> 0 | E9: =+SUM(E10:E11,E15) -> 0 | F9: =+SUM(F10:F11,F15) -> 0 | G9: =+SUM(G10:G11,G15) -> 0 | H9: =+SUM(H10:H11,H15) -> 0 | I9: =+SUM(I10:I11,I15) -> 0 | J9: =+SUM(J10:J11,J15) -> 0 | K9: =+SUM(K10:K11,K15) -> 0 | L9: =+SUM(L10:L11,L15) -> 0 | M9: =SUM(D9:L9) -> 0 | N9: =+SUM(N10:N11,N15) -> 0 | O9: =+SUM(O10:O11,O15) -> 0 | P9: =SUM(N9:O9) -> 0
A10: Fournisseurs | B10: =+B9 -> 28/2 - 6/3 | C10: Virements TIERS | M10: =SUM(D10:L10) -> 0 | P10: =SUM(N10:O10) -> 0
A11: Fournisseurs | B11: =+B10 -> 28/2 - 6/3 | C11: Virements FILIALES | M11: =SUM(D11:L11) -> 0 | O11: =SUM(O12:O14) -> 0 | P11: =SUM(N11:O11) -> 0
A12: Fournisseurs | B12: =+B11 -> 28/2 - 6/3 | C12: PSRO | M12: =SUM(D12:L12) -> 0 | P12: =SUM(N12:O12) -> 0
A13: Fournisseurs | B13: =+B12 -> 28/2 - 6/3 | C13: PCN | M13: =SUM(D13:L13) -> 0 | P13: =SUM(N13:O13) -> 0
A14: Fournisseurs | B14: =+B13 -> 28/2 - 6/3 | C14: Autres filiales | M14: =SUM(D14:L14) -> 0 | P14: =SUM(N14:O14) -> 0
A15: Fournisseurs | B15: =+B14 -> 28/2 - 6/3 | C15: Prélèvements TIERS | M15: =SUM(D15:L15) -> 0 | O15: =SUM(O16:O18) -> 0 | P15: =SUM(N15:O15) -> 0
A16: Fournisseurs | B16: =+B15 -> 28/2 - 6/3 | C16: Frais bancaires | M16: =SUM(D16:L16) -> 0 | P16: =SUM(N16:O16) -> 0
A17: Fournisseurs | B17: =+B16 -> 28/2 - 6/3 | C17: Cartes affaires / procurement | M17: =SUM(D17:L17) -> 0 | P17: =SUM(N17:O17) -> 0
A18: Fournisseurs | B18: =+B17 -> 28/2 - 6/3 | C18: Autres frais généraux | M18: =SUM(D18:L18) -> 0 | P18: =SUM(N18:O18) -> 0
A19: Fournisseurs (potentiel) | B19: =DAY(B4+2)&"/"&MONTH(B4+2)&" - "&DAY(B97+1)&"/"&MONTH(B97+1) -> 28/2 - 6/3 | C19: Fournisseurs (potentiel) | D19: =+SUM(D20:D21) -> 0 | E19: =+SUM(E20:E21) -> 0 | F19: =+SUM(F20:F21) -> 0 | G19: =+SUM(G20:G21) -> 0 | H19: =+SUM(H20:H21) -> 0 | I19: =+SUM(I20:I21) -> 0 | J19: =+SUM(J20:J21) -> 0 | K19: =+SUM(K20:K21) -> 0 | L19: =+SUM(L20:L21) -> 0 | M19: =SUM(D19:L19) -> 0 | N19: =+SUM(N20:N21) -> 0 | O19: =+SUM(O20:O21) -> 0 | P19: =SUM(N19:O19) -> 0
A20: Fournisseurs (potentiel) | B20: =+B19 -> 28/2 - 6/3 | C20: Virements TIERS (potentiel) | M20: =SUM(D20:L20) -> 0 | P20: =SUM(N20:O20) -> 0
A21: Fournisseurs (potentiel) | B21: =+B20 -> 28/2 - 6/3 | C21: Virements FILIALES (potentiel) | D21: =SUM(D22:D24) -> 0 | E21: =SUM(E22:E24) -> 0 | F21: =SUM(F22:F24) -> 0 | G21: =SUM(G22:G24) -> 0 | H21: =SUM(H22:H24) -> 0 | I21: =SUM(I22:I24) -> 0 | J21: =SUM(J22:J24) -> 0 | K21: =SUM(K22:K24) -> 0 | L21: =SUM(L22:L24) -> 0 | M21: =SUM(D21:L21) -> 0 | N21: =SUM(N22:N24) -> 0 | O21: =SUM(O22:O24) -> 0 | P21: =SUM(N21:O21) -> 0
A22: Fournisseurs (potentiel) | B22: =+B21 -> 28/2 - 6/3 | C22: PSRO | M22: =SUM(D22:L22) -> 0 | P22: =SUM(N22:O22) -> 0
A23: Fournisseurs (potentiel) | B23: =+B22 -> 28/2 - 6/3 | C23: PCN | M23: =SUM(D23:L23) -> 0 | P23: =SUM(N23:O23) -> 0
A24: Fournisseurs (potentiel) | B24: =+B23 -> 28/2 - 6/3 | C24: Autres filiales | M24: =SUM(D24:L24) -> 0 | P24: =SUM(N24:O24) -> 0
A25: Personnel et organismes sociaux | B25: =DAY(B4+2)&"/"&MONTH(B4+2)&" - "&DAY(B97+1)&"/"&MONTH(B97+1) -> 28/2 - 6/3 | C25: Personnel et organismes sociaux | D25: =+SUM(D26,D31:D33) -> 0 | E25: =+SUM(E26,E31:E33) -> 0 | F25: =+SUM(F26,F31:F33) -> 0 | G25: =+SUM(G26,G31:G33) -> 0 | H25: =+SUM(H26,H31:H33) -> 0 | I25: =+SUM(I26,I31:I33) -> 0 | J25: =+SUM(J26,J31:J33) -> 0 | K25: =+SUM(K26,K31:K33) -> 0 | L25: =+SUM(L26,L31:L33) -> 0 | M25: =SUM(D25:L25) -> 0 | N25: =+SUM(N26,N31:N33) -> 0 | O25: =+SUM(O26,O31:O33) -> 0 | P25: =SUM(N25:O25) -> 0
A26: Personnel et organismes sociaux | B26: =+B25 -> 28/2 - 6/3 | C26: Charges de personnel | D26: =SUM(D27:D30) -> 0 | L26: =SUM(L27:L30) -> 0 | M26: =SUM(D26:L26) -> 0 | N26: =SUM(N27:N30) -> 0 | O26: =SUM(O27:O30) -> 0 | P26: =SUM(N26:O26) -> 0
A27: Personnel et organismes sociaux | B27: =+B26 -> 28/2 - 6/3 | C27: Salaires | M27: =SUM(D27:L27) -> 0 | P27: =SUM(N27:O27) -> 0
A28: Personnel et organismes sociaux | B28: =+B27 -> 28/2 - 6/3 | C28: URSSAF | M28: =SUM(D28:L28) -> 0 | P28: =SUM(N28:O28) -> 0
A29: Personnel et organismes sociaux | B29: =+B28 -> 28/2 - 6/3 | C29: Prélèvement à la source | M29: =SUM(D29:L29) -> 0 | P29: =SUM(N29:O29) -> 0
A30: Personnel et organismes sociaux | B30: =+B29 -> 28/2 - 6/3 | C30: Autres charges de personnel | M30: =SUM(D30:L30) -> 0 | P30: =SUM(N30:O30) -> 0
A31: Personnel et organismes sociaux | B31: =+B30 -> 28/2 - 6/3 | C31: Mutuelle | M31: =SUM(D31:L31) -> 0 | P31: =SUM(N31:O31) -> 0
A32: Personnel et organismes sociaux | B32: =+B31 -> 28/2 - 6/3 | C32: Retraite | M32: =SUM(D32:L32) -> 0 | P32: =SUM(N32:O32) -> 0
A33: Personnel et organismes sociaux | B33: =+B32 -> 28/2 - 6/3 | C33: Intéressement et participation | M33: =SUM(D33:L33) -> 0 | P33: =SUM(N33:O33) -> 0
A34: Impôts et taxes | B34: =DAY(B4+2)&"/"&MONTH(B4+2)&" - "&DAY(B97+1)&"/"&MONTH(B97+1) -> 28/2 - 6/3 | C34: Impôts et taxes | D34: =+SUM(D35:D37) -> 0 | E34: =+SUM(E35:E37) -> 0 | F34: =+SUM(F35:F37) -> 0 | G34: =+SUM(G35:G37) -> 0 | H34: =+SUM(H35:H37) -> 0 | I34: =+SUM(I35:I37) -> 0 | J34: =+SUM(J35:J37) -> 0 | K34: =+SUM(K35:K37) -> 0 | L34: =+SUM(L35:L37) -> 0 | M34: =SUM(D34:L34) -> 0 | N34: =+SUM(N35:N37) -> 0 | O34: =+SUM(O35:O37) -> 0 | P34: =SUM(N34:O34) -> 0
A35: Impôts et taxes | B35: =+B34 -> 28/2 - 6/3 | C35: TVA | M35: =SUM(D35:L35) -> 0 | P35: =SUM(N35:O35) -> 0
A36: Impôts et taxes | B36: =+B35 -> 28/2 - 6/3 | C36: CET (CVAE + CFE) | M36: =SUM(D36:L36) -> 0 | P36: =SUM(N36:O36) -> 0
A37: Impôts et taxes | B37: =+B36 -> 28/2 - 6/3 | C37: Autres taxes | D37: =SUM(D38:D43) -> 0 | E37: =SUM(E38:E43) -> 0 | F37: =SUM(F38:F43) -> 0 | G37: =SUM(G38:G43) -> 0 | H37: =SUM(H38:H43) -> 0 | I37: =SUM(I38:I43) -> 0 | J37: =SUM(J38:J43) -> 0 | K37: =SUM(K38:K43) -> 0 | L37: =SUM(L38:L43) -> 0 | M37: =SUM(D37:L37) -> 0 | N37: =SUM(N38:N43) -> 0 | O37: =SUM(O38:O43) -> 0 | P37: =SUM(N37:O37) -> 0
A38: Impôts et taxes | B38: =+B37 -> 28/2 - 6/3 | C38: Taxe foncière | M38: =SUM(D38:L38) -> 0 | P38: =SUM(N38:O38) -> 0
A39: Impôts et taxes | B39: =+B38 -> 28/2 - 6/3 | C39: C3S | M39: =SUM(D39:L39) -> 0 | P39: =SUM(N39:O39) -> 0
A40: Impôts et taxes | B40: =+B39 -> 28/2 - 6/3 | C40: Effort de construction (PEEC) | M40: =SUM(D40:L40) -> 0 | P40: =SUM(N40:O40) -> 0
A41: Impôts et taxes | B41: =+B40 -> 28/2 - 6/3 | C41: UIMM | M41: =SUM(D41:L41) -> 0 | P41: =SUM(N41:O41) -> 0
A42: Impôts et taxes | B42: =+B41 -> 28/2 - 6/3 | C42: CETIM | M42: =SUM(D42:L42) -> 0 | P42: =SUM(N42:O42) -> 0
A43: Impôts | B43: =+B42 -> 28/2 - 6/3 | C43: Autres taxes | M43: =SUM(D43:L43) -> 0 | P43: =SUM(N43:O43) -> 0
A44: Décaissements ponctuels | B44: =DAY(B4+2)&"/"&MONTH(B4+2)&" - "&DAY(B97+1)&"/"&MONTH(B97+1) -> 28/2 - 6/3 | C44: Décaissements ponctuels | D44: =+SUM(D45:D47) -> 0 | E44: =+SUM(E45:E47) -> 0 | F44: =+SUM(F45:F47) -> 0 | G44: =+SUM(G45:G47) -> 0 | H44: =+SUM(H45:H47) -> 0 | I44: =+SUM(I45:I47) -> 0 | J44: =+SUM(J45:J47) -> 0 | K44: =+SUM(K45:K47) -> 0 | L44: =+SUM(L45:L47) -> 0 | M44: =SUM(D44:L44) -> 0 | N44: =+SUM(N45:N47) -> 0 | O44: =+SUM(O45:O47) -> 0 | P44: =SUM(N44:O44) -> 0
A45: Décaissements ponctuels | B45: =+B44 -> 28/2 - 6/3 | C45: Dividendes payés | M45: =SUM(D45:L45) -> 0 | P45: =SUM(N45:O45) -> 0
A46: Décaissements ponctuels | B46: =+B45 -> 28/2 - 6/3 | C46: CSE | M46: =SUM(D46:L46) -> 0 | P46: =SUM(N46:O46) -> 0
A47: Décaissements ponctuels | B47: =+B46 -> 28/2 - 6/3 | C47: Autres décaissements | M47: =SUM(D47:L47) -> 0 | P47: =SUM(N47:O47) -> 0
A48: ENCAISSEMENTS (hors potentiel) | B48: =+B49 -> 25/2 - 3/3 | C48: ENCAISSEMENTS (hors potentiel) | D48: =SUM(D49,D72) -> 0 | E48: =SUM(E49,E72) -> 0 | F48: =SUM(F49,F72) -> 0 | G48: =SUM(G49,G72) -> 0 | H48: =SUM(H49,H72) -> 0 | I48: =SUM(I49,I72) -> 0 | J48: =SUM(J49,J72) -> 0 | K48: =SUM(K49,K72) -> 0 | L48: =SUM(L49,L72) -> 0 | M48: =SUM(D48:L48) -> 0 | N48: =SUM(N49,N72) -> 0 | O48: =SUM(O49,O72) -> 0 | P48: =SUM(N48:O48) -> 0
A49: Clients | B49: =DAY(B4-1)&"/"&MONTH(B4-1)&" - "&DAY(B97-2)&"/"&MONTH(B97-2) -> 25/2 - 3/3 | C49: Clients | D49: =+SUM(D50:D53) -> 0 | E49: =+SUM(E50:E53) -> 0 | F49: =+SUM(F50:F53) -> 0 | G49: =+SUM(G50:G53) -> 0 | H49: =+SUM(H50:H53) -> 0 | I49: =+SUM(I50:I53) -> 0 | J49: =+SUM(J50:J53) -> 0 | K49: =+SUM(K50:K53) -> 0 | L49: =+SUM(L50:L53) -> 0 | M49: =SUM(D49:L49) -> 0 | N49: =+SUM(N50:N53) -> 0 | O49: =+SUM(O50:O53) -> 0 | P49: =SUM(N49:O49) -> 0
A50: Clients | B50: =+B49 -> 25/2 - 3/3 | C50: LCR transférées | M50: =SUM(D50:L50) -> 0 | P50: =SUM(N50:O50) -> 0
A51: Clients | B51: =+B50 -> 25/2 - 3/3 | C51: LCR non transférées | M51: =SUM(D51:L51) -> 0 | P51: =SUM(N51:O51) -> 0
A52: Clients | B52: =+B51 -> 25/2 - 3/3 | C52: Virements TIERS (C) | M52: =SUM(D52:L52) -> 0 | P52: =SUM(N52:O52) -> 0
A53: Clients | B53: =+B52 -> 25/2 - 3/3 | C53: Virements FILIALES (C) | D53: =+SUM(D54:D62) -> 0 | L53: =+SUM(L54:L62) -> 0 | M53: =SUM(D53:L53) -> 0 | N53: =+SUM(N54:N62) -> 0 | O53: =+SUM(O54:O62) -> 0 | P53: =SUM(N53:O53) -> 0
A54: Clients | B54: =+B53 -> 25/2 - 3/3 | C54: Volentieri (BNP) + Iberica (CA) | M54: =SUM(D54:L54) -> 0 | P54: =SUM(N54:O54) -> 0
A55: Clients | B55: =+B54 -> 25/2 - 3/3 | C55: Italia (BNP) + America (BNP) | M55: =SUM(D55:L55) -> 0 | P55: =SUM(N55:O55) -> 0
A56: Clients | B56: =+B55 -> 25/2 - 3/3 | C56: Pera (CA) | M56: =SUM(D56:L56) -> 0 | P56: =SUM(N56:O56) -> 0
A57: Clients | B57: =+B56 -> 25/2 - 3/3 | C57: Pellenc GmbH (CRCA) | M57: =SUM(D57:L57) -> 0 | P57: =SUM(N57:O57) -> 0
A58: Clients | B58: =+B57 -> 25/2 - 3/3 | C58: Pellenc Australia (CRCA) | M58: =SUM(D58:L58) -> 0 | P58: =SUM(N58:O58) -> 0
A59: Clients | B59: =+B58 -> 25/2 - 3/3 | C59: Pellenc South Africa (CRCA) | M59: =SUM(D59:L59) -> 0 | P59: =SUM(N59:O59) -> 0
A60: Clients | B60: =+B59 -> 25/2 - 3/3 | C60: Pellenc Maroc (CRCA) | M60: =SUM(D60:L60) -> 0 | P60: =SUM(N60:O60) -> 0
A61: Clients | B61: =+B60 -> 25/2 - 3/3 | C61: Pellenc Sud America (CRCA) | M61: =SUM(D61:L61) -> 0 | P61: =SUM(N61:O61) -> 0
A62: Clients | B62: =+B61 -> 25/2 - 3/3 | C62: Autres filiales | M62: =SUM(D62:L62) -> 0 | P62: =SUM(N62:O62) -> 0
A63: Clients (potentiel) | B63: =DAY(B4-1)&"/"&MONTH(B4-1)&" - "&DAY(B97-2)&"/"&MONTH(B97-2) -> 25/2 - 3/3 | C63: Clients (potentiel) | D63: =+SUM(D64:D65) -> 0 | E63: =+SUM(E64:E65) -> 0 | F63: =+SUM(F64:F65) -> 0 | G63: =+SUM(G64:G65) -> 0 | H63: =+SUM(H64:H65) -> 0 | I63: =+SUM(I64:I65) -> 0 | J63: =+SUM(J64:J65) -> 0 | K63: =+SUM(K64:K65) -> 0 | L63: =+SUM(L64:L65) -> 0 | M63: =SUM(D63:L63) -> 0 | N63: =+SUM(N64:N65) -> 0 | O63: =+SUM(O64:O65) -> 0 | P63: =SUM(N63:O63) -> 0
A64: Clients (potentiel) | B64: =+B63 -> 25/2 - 3/3 | C64: Virements TIERS (potentiel) (C) | M64: =SUM(D64:L64) -> 0 | P64: =SUM(N64:O64) -> 0
A65: Clients (potentiel) | B65: =+B64 -> 25/2 - 3/3 | C65: Virements FILIALES (potentiel) (C) | D65: =+SUM(D66:D71) -> 0 | E65: =+SUM(E66:E71) -> 0 | F65: =+SUM(F66:F71) -> 0 | G65: =+SUM(G66:G71) -> 0 | H65: =+SUM(H66:H71) -> 0 | I65: =+SUM(I66:I71) -> 0 | J65: =+SUM(J66:J71) -> 0 | K65: =+SUM(K66:K71) -> 0 | L65: =+SUM(L66:L71) -> 0 | M65: =SUM(D65:L65) -> 0 | N65: =+SUM(N66:N71) -> 0 | O65: =+SUM(O66:O71) -> 0 | P65: =SUM(N65:O65) -> 0
A66: Clients (potentiel) | B66: =+B65 -> 25/2 - 3/3 | C66: Pellenc GmbH (CRCA) | M66: =SUM(D66:L66) -> 0 | P66: =SUM(N66:O66) -> 0
A67: Clients (potentiel) | B67: =+B66 -> 25/2 - 3/3 | C67: Pellenc Australia (CRCA) | M67: =SUM(D67:L67) -> 0 | P67: =SUM(N67:O67) -> 0
A68: Clients (potentiel) | B68: =+B67 -> 25/2 - 3/3 | C68: Pellenc South Africa (CRCA) | M68: =SUM(D68:L68) -> 0 | P68: =SUM(N68:O68) -> 0
A69: Clients (potentiel) | B69: =+B68 -> 25/2 - 3/3 | C69: Pellenc Maroc (CRCA) | M69: =SUM(D69:L69) -> 0 | P69: =SUM(N69:O69) -> 0
A70: Clients (potentiel) | B70: =+B69 -> 25/2 - 3/3 | C70: Pellenc Sud America (CRCA) | M70: =SUM(D70:L70) -> 0 | P70: =SUM(N70:O70) -> 0
A71: Clients (potentiel) | B71: =+B70 -> 25/2 - 3/3 | C71: Autres filiales | M71: =SUM(D71:L71) -> 0 | P71: =SUM(N71:O71) -> 0
A72: Encaissements ponctuels | B72: =DAY(B4-1)&"/"&MONTH(B4-1)&" - "&DAY(B97-2)&"/"&MONTH(B97-2) -> 25/2 - 3/3 | C72: Encaissements ponctuels | D72: =+SUM(D73:D74,D78) -> 0 | E72: =+SUM(E73:E74,E78) -> 0 | F72: =+SUM(F73:F74,F78) -> 0 | G72: =+SUM(G73:G74,G78) -> 0 | H72: =+SUM(H73:H74,H78) -> 0 | I72: =+SUM(I73:I74,I78) -> 0 | J72: =+SUM(J73:J74,J78) -> 0 | K72: =+SUM(K73:K74,K78) -> 0 | L72: =+SUM(L73:L74,L78) -> 0 | M72: =SUM(D72:L72) -> 0 | N72: =+SUM(N73:N74,N78) -> 0 | O72: =+SUM(O73:O74,O78) -> 0 | P72: =SUM(N72:O72) -> 0
A73: Encaissements ponctuels | B73: =+B72 -> 25/2 - 3/3 | C73: Dividendes reçus | M73: =SUM(D73:L73) -> 0 | P73: =SUM(N73:O73) -> 0
A74: Encaissements ponctuels | B74: =+B73 -> 25/2 - 3/3 | C74: Etat et organismes publics | D74: =+SUM(D75:D77) -> 0 | E74: =+SUM(E75:E77) -> 0 | F74: =+SUM(F75:F77) -> 0 | G74: =+SUM(G75:G77) -> 0 | H74: =+SUM(H75:H77) -> 0 | I74: =+SUM(I75:I77) -> 0 | J74: =+SUM(J75:J77) -> 0 | K74: =+SUM(K75:K77) -> 0 | L74: =+SUM(L75:L77) -> 0 | M74: =SUM(D74:L74) -> 0 | N74: =+SUM(N75:N77) -> 0 | O74: =+SUM(O75:O77) -> 0 | P74: =SUM(N74:O74) -> 0
A75: Encaissements ponctuels | B75: =+B74 -> 25/2 - 3/3 | C75: Remboursement TVA | M75: =SUM(D75:L75) -> 0 | P75: =SUM(N75:O75) -> 0
A76: Encaissements ponctuels | B76: =+B75 -> 25/2 - 3/3 | C76: Remboursement CIR | M76: =SUM(D76:L76) -> 0 | P76: =SUM(N76:O76) -> 0
A77: Encaissements ponctuels | B77: =+B76 -> 25/2 - 3/3 | C77: Autres versements | M77: =SUM(D77:L77) -> 0 | P77: =SUM(N77:O77) -> 0
A78: Encaissements ponctuels | B78: =+B77 -> 25/2 - 3/3 | C78: Autres encaissements | M78: =SUM(D78:L78) -> 0 | P78: =SUM(N78:O78) -> 0
A79: OPERATIONS DE GESTION | B79: =+B78 -> 25/2 - 3/3 | C79: OPERATIONS DE GESTION | D79: =+SUM(D80:D82,D83,D90) -> 0 | E79: =+SUM(E80:E82,E83,E90) -> 0 | F79: =+SUM(F80:F82,F83,F90) -> 0 | G79: =+SUM(G80:G82,G83,G90) -> 0 | H79: =+SUM(H80:H82,H83,H90) -> 0 | I79: =+SUM(I80:I82,I83,I90) -> 0 | J79: =+SUM(J80:J82,J83,J90) -> 0 | K79: =+SUM(K80:K82,K83,K90) -> 0 | L79: =+SUM(L80:L82,L83,L90) -> 0 | M79: =SUM(D79:L79) -> 0 | N79: =+SUM(N80:N82,N83,N90) -> 0 | O79: =+SUM(O80:O82,O83,O90) -> 0 | P79: =SUM(N79:O79) -> 0
A80: Compte à compte | B80: =+B79 -> 25/2 - 3/3 | C80: Compte à compte | M80: =SUM(D80:L80) -> 0 | P80: =SUM(N80:O80) -> 0
A81: Achat dollars | B81: =+B80 -> 25/2 - 3/3 | C81: Achat dollars | M81: =SUM(D81:L81) -> 0 | P81: =SUM(N81:O81) -> 0
A82: Ajustement | B82: =+B81 -> 25/2 - 3/3 | C82: Ajustement | M82: =SUM(D82:L82) -> 0 | P82: =SUM(N82:O82) -> 0
A83: Intragroupe | B83: =+B82 -> 25/2 - 3/3 | C83: Intragroupe | D83: =+SUM(D84,D87) -> 0 | L83: =+SUM(L84,L87) -> 0 | M83: =SUM(D83:L83) -> 0 | N83: =+SUM(N84,N87) -> 0 | O83: =+SUM(O84,O87) -> 0 | P83: =SUM(N83:O83) -> 0
A84: Intragroupe | B84: =+B83 -> 25/2 - 3/3 | C84: Remboursement FILIALES | D84: =+SUM(D85:D86) -> 0 | L84: =+SUM(L85:L86) -> 0 | M84: =SUM(D84:L84) -> 0 | N84: =+SUM(N85:N86) -> 0 | O84: =+SUM(O85:O86) -> 0 | P84: =SUM(N84:O84) -> 0
A85: Intragroupe | B85: =+B84 -> 25/2 - 3/3 | C85: Remboursement de prêt | M85: =SUM(D85:L85) -> 0 | P85: =SUM(N85:O85) -> 0
A86: Intragroupe | B86: =+B85 -> 25/2 - 3/3 | C86: Remboursement d'avance | M86: =SUM(D86:L86) -> 0 | P86: =SUM(N86:O86) -> 0
A87: Intragroupe | B87: =+B86 -> 25/2 - 3/3 | C87: Prêt FILIALES | D87: =+SUM(D88:D89) -> 0 | L87: =+SUM(L88:L89) -> 0 | M87: =SUM(D87:L87) -> 0 | N87: =+SUM(N88:N89) -> 0 | O87: =+SUM(O88:O89) -> 0 | P87: =SUM(N87:O87) -> 0
A88: Intragroupe | B88: =+B87 -> 25/2 - 3/3 | C88: Prêt à terme | M88: =SUM(D88:L88) -> 0 | P88: =SUM(N88:O88) -> 0
A89: Intragroupe | B89: =+B88 -> 25/2 - 3/3 | C89: Avance de trésorerie | M89: =SUM(D89:L89) -> 0 | P89: =SUM(N89:O89) -> 0
A90: Banque | B90: =+B89 -> 25/2 - 3/3 | C90: Banque | D90: =+SUM(D91,D94) -> 0 | L90: =+SUM(L91,L94) -> 0 | M90: =SUM(D90:L90) -> 0 | N90: =+SUM(N91,N94) -> 0 | O90: =+SUM(O91,O94) -> 0 | P90: =SUM(N90:O90) -> 0
A91: Banque | B91: =+B90 -> 25/2 - 3/3 | C91: Souscription d'emprunt | D91: =+SUM(D92:D93) -> 0 | L91: =+SUM(L92:L93) -> 0 | M91: =SUM(D91:L91) -> 0 | N91: =+SUM(N92:N93) -> 0 | O91: =+SUM(O92:O93) -> 0 | P91: =SUM(N91:O91) -> 0
A92: Banque | B92: =+B91 -> 25/2 - 3/3 | C92: Déblocage Prêt à terme | M92: =SUM(D92:L92) -> 0 | P92: =SUM(N92:O92) -> 0
A93: Banque | B93: =+B92 -> 25/2 - 3/3 | C93: Tirage Crédit renouvelable | M93: =SUM(D93:L93) -> 0 | P93: =SUM(N93:O93) -> 0
A94: Banque | B94: =+B93 -> 25/2 - 3/3 | C94: Remboursement d'emprunt | D94: =+SUM(D95:D96) -> 0 | L94: =+SUM(L95:L96) -> 0 | M94: =SUM(D94:L94) -> 0 | N94: =+SUM(N95:N96) -> 0 | O94: =+SUM(O95:O96) -> 0 | P94: =SUM(N94:O94) -> 0
A95: Banque | B95: =+B94 -> 25/2 - 3/3 | C95: Rembst Prêt à terme | M95: =SUM(D95:L95) -> 0 | P95: =SUM(N95:O95) -> 0
A96: Banque | B96: =+B95 -> 25/2 - 3/3 | C96: Rembst Crédit renouvelable | M96: =SUM(D96:L96) -> 0 | P96: =SUM(N96:O96) -> 0
A97: Solde min. | B97: =+B4+7 -> 44990 | C97: Solde min. | D97: =+SUM(D4,D8,D48,D79) -> 100000 | E97: =+SUM(E4,E8,E48,E79) -> 1700000 | F97: =+SUM(F4,F8,F48,F79) -> 800000 | G97: =+SUM(G4,G8,G48,G79) -> 4500000 | H97: =+SUM(H4,H8,H48,H79) -> 60000 | I97: =+SUM(I4,I8,I48,I79) -> 0 | J97: =+SUM(J4,J8,J48,J79) -> 40000 | K97: =+SUM(K4,K8,K48,K79) -> 1000000 | L97: =+SUM(L4,L8,L48,L79) -> 300000 | M97: =SUM(D97:L97) -> 8500000 | N97: =+SUM(N4,N8,N48,N79) -> 180000 | O97: =+SUM(O4,O8,O48,O79) -> 250000 | P97: =SUM(N97:O97) -> 430000
C98: Solde haut | D98: =+SUM(D5,D8,D48,D79)+D63 -> 120000 | E98: =+SUM(E5,E8,E48,E79)+E63 -> 1900000 | F98: =+SUM(F5,F8,F48,F79)+F63 -> 1000000 | G98: =+SUM(G5,G8,G48,G79)+G63 -> 5200000 | H98: =+SUM(H5,H8,H48,H79)+H63 -> 80000 | I98: =+SUM(I5,I8,I48,I79)+I63 -> 0 | J98: =+SUM(J5,J8,J48,J79)+J63 -> 80000 | K98: =+SUM(K5,K8,K48,K79)+K63 -> 1200000 | L98: =+SUM(L5,L8,L48,L79)+L63 -> 350000 | M98: =SUM(D98:L98) -> 9930000 | N98: =+SUM(N5,N8,N48,N79)+N63 -> 200000 | O98: =+SUM(O5,O8,O48,O79)+O63 -> 400000 | P98: =SUM(N98:O98) -> 600000
B99: =+B97+1 -> 44991 | D99: =IF(D$3=0,IF(D97+D101>0,1,0),IF((D97+D101)>0.8*-D$3,1,0)) -> 1 | E99: =IF(E$3=0,IF(E97+E101>0,1,0),IF((E97+E101)>0.8*-E$3,1,0)) -> 1 | F99: =IF(F$3=0,IF(F97+F101>0,1,0),IF((F97+F101)>0.8*-F$3,1,0)) -> 1 | G99: =IF(G$3=0,IF(G97+G101>0,1,0),IF((G97+G101)>0.8*-G$3,1,0)) -> 1 | H99: =IF(H$3=0,IF(H97+H101>0,1,0),IF((H97+H101)>0.8*-H$3,1,0)) -> 1 | I99: =IF(I$3=0,IF(I97+I101>0,1,0),IF((I97+I101)>0.8*-I$3,1,0)) -> 0 | J99: =IF(J$3=0,IF(J97+J101>0,1,0),IF((J97+J101)>0.8*-J$3,1,0)) -> 1 | K99: =IF(K$3=0,IF(K97+K101>0,1,0),IF((K97+K101)>0.8*-K$3,1,0)) -> 1 | L99: =IF(L$3=0,IF(L97+L101>0,1,0),IF((L97+L101)>0.8*-L$3,1,0)) -> 1 | N99: =IF(N$3=0,IF(N97+N101>0,1,0),IF((N97+N101)>0.8*-N$3,1,0)) -> 1 | O99: =IF(O$3=0,IF(O97+O101>0,1,0),IF((O97+O101)>0.8*-O$3,1,0)) -> 1
A101: DECAISSEMENTS (avec potentiel) | B101: =+B102 -> 7/3 - 13/3 | C101: DECAISSEMENTS (avec potentiel) | D101: =SUM(D102,D112,D118,D137,D127) -> 0 | E101: =SUM(E102,E112,E118,E137,E127) -> 0 | F101: =SUM(F102,F112,F118,F137,F127) -> 0 | G101: =SUM(G102,G112,G118,G137,G127) -> 0 | H101: =SUM(H102,H112,H118,H137,H127) -> 0 | I101: =SUM(I102,I112,I118,I137,I127) -> 0 | J101: =SUM(J102,J112,J118,J137,J127) -> 0 | K101: =SUM(K102,K112,K118,K137,K127) -> 0 | L101: =SUM(L102,L112,L118,L137,L127) -> 0 | M101: =SUM(D101:L101) -> 0 | N101: =SUM(N102,N112,N118,N137,N127) -> 0 | O101: =SUM(O102,O112,O118,O137,O127) -> 0 | P101: =SUM(N101:O101) -> 0
A102: Fournisseurs | B102: =DAY(B97+2)&"/"&MONTH(B97+2)&" - "&DAY(B190+1)&"/"&MONTH(B190+1) -> 7/3 - 13/3 | C102: Fournisseurs | D102: =+SUM(D103:D104,D108) -> 0 | E102: =+SUM(E103:E104,E108) -> 0 | F102: =+SUM(F103:F104,F108) -> 0 | G102: =+SUM(G103:G104,G108) -> 0 | H102: =+SUM(H103:H104,H108) -> 0 | I102: =+SUM(I103:I104,I108) -> 0 | J102: =+SUM(J103:J104,J108) -> 0 | K102: =+SUM(K103:K104,K108) -> 0 | L102: =+SUM(L103:L104,L108) -> 0 | M102: =SUM(D102:L102) -> 0 | N102: =+SUM(N103:N104,N108) -> 0 | O102: =+SUM(O103:O104,O108) -> 0 | P102: =SUM(N102:O102) -> 0
...

Sheet AVR 2023
A1: AVRIL
C2: =+TODAY() -> 44999 | D2: ARKEA | E2: BNPP | F2: CIC | G2: CRCA | H2: CRCA E-COMMERCE | I2: CREDIT COOP | J2: HSBC € | K2: LCL | L2: SOCIETE GLE | M2: TOTAL € | N2: BNP $ | O2: HSBC $ | P2: TOTAL $
B3: 44896 | C3: Découvert autorisé | D3: 3000000 | E3: 5000000 | F3: 3000000 | G3: 5000000 | H3: 0 | I3: 0 | J3: 0 | K3: 0 | L3: 0 | M3: - | N3: 1500000 | O3: 0 | P3: -
B4: ='MAR 2023'!B376 -> 45011 | C4: Solde min. | D4: ='MAR 2023'!D376 -> 100000 | E4: ='MAR 2023'!E376 -> 1700000 | F4: ='MAR 2023'!F376 -> 800000 | G4: ='MAR 2023'!G376 -> 4500000 | H4: ='MAR 2023'!H376 -> 60000 | I4: ='MAR 2023'!I376 -> 0 | J4: ='MAR 2023'!J376 -> 40000 | K4: ='MAR 2023'!K376 -> 1000000 | L4: ='MAR 2023'!L376 -> 300000 | M4: =SUM(D4:L4) -> 8500000 | N4: ='MAR 2023'!N376 -> 180000 | O4: ='MAR 2023'!O376 -> 250000 | P4: =SUM(N4:O4) -> 430000
C5: Solde haut | D5: ='MAR 2023'!D377 -> 120000 | E5: ='MAR 2023'!E377 -> 1900000 | F5: ='MAR 2023'!F377 -> 1000000 | G5: ='MAR 2023'!G377 -> 5200000 | H5: ='MAR 2023'!H377 -> 80000 | I5: ='MAR 2023'!I377 -> 0 | J5: ='MAR 2023'!J377 -> 80000 | K5: ='MAR 2023'!K377 -> 1200000 | L5: ='MAR 2023'!L377 -> 350000 | M5: =SUM(D5:L5) -> 9930000 | N5: ='MAR 2023'!N377 -> 200000 | O5: ='MAR 2023'!O377 -> 400000 | P5: =SUM(N5:O5) -> 600000
B6: =+B4+1 -> 45012 | E6: ='MAR 2023'!E378 -> 1 | F6: ='MAR 2023'!F378 -> 1 | G6: ='MAR 2023'!G378 -> 1 | H6: ='MAR 2023'!H378 -> 1 | I6: ='MAR 2023'!I378 -> 0 | J6: ='MAR 2023'!J378 -> 1 | K6: ='MAR 2023'!K378 -> 1 | L6: ='MAR 2023'!L378 -> 1 | N6: ='MAR 2023'!N378 -> 1 | O6: ='MAR 2023'!O378 -> 1
A8: DECAISSEMENTS (avec potentiel) | B8: =+B9 -> 28/3 - 3/4 | C8: DECAISSEMENTS (avec potentiel) | D8: =SUM(D9,D19,D25,D44,D34) -> 0 | E8: =SUM(E9,E19,E25,E44,E34) -> 0 | F8: =SUM(F9,F19,F25,F44,F34) -> 0 | G8: =SUM(G9,G19,G25,G44,G34) -> 0 | H8: =SUM(H9,H19,H25,H44,H34) -> 0 | I8: =SUM(I9,I19,I25,I44,I34) -> 0 | J8: =SUM(J9,J19,J25,J44,J34) -> 0 | K8: =SUM(K9,K19,K25,K44,K34) -> 0 | L8: =SUM(L9,L19,L25,L44,L34) -> 0 | M8: =SUM(D8:L8) -> 0 | N8: =SUM(N9,N19,N25,N44,N34) -> 0 | O8: =SUM(O9,O19,O25,O44,O34) -> 0 | P8: =SUM(N8:O8) -> 0
A9: Fournisseurs | B9: =DAY(B4+2)&"/"&MONTH(B4+2)&" - "&DAY(B97+1)&"/"&MONTH(B97+1) -> 28/3 - 3/4 | C9: Fournisseurs | D9: =+SUM(D10:D11,D15) -> 0 | E9: =+SUM(E10:E11,E15) -> 0 | F9: =+SUM(F10:F11,F15) -> 0 | G9: =+SUM(G10:G11,G15) -> 0 | H9: =+SUM(H10:H11,H15) -> 0 | I9: =+SUM(I10:I11,I15) -> 0 | J9: =+SUM(J10:J11,J15) -> 0 | K9: =+SUM(K10:K11,K15) -> 0 | L9: =+SUM(L10:L11,L15) -> 0 | M9: =SUM(D9:L9) -> 0 | N9: =+SUM(N10:N11,N15) -> 0 | O9: =+SUM(O10:O11,O15) -> 0 | P9: =SUM(N9:O9) -> 0
A10: Fournisseurs | B10: =+B9 -> 28/3 - 3/4 | C10: Virements TIERS | M10: =SUM(D10:L10) -> 0 | P10: =SUM(N10:O10) -> 0
A11: Fournisseurs | B11: =+B10 -> 28/3 - 3/4 | C11: Virements FILIALES | M11: =SUM(D11:L11) -> 0 | P11: =SUM(N11:O11) -> 0
A12: Fournisseurs | B12: =+B11 -> 28/3 - 3/4 | C12: PSRO | M12: =SUM(D12:L12) -> 0 | P12: =SUM(N12:O12) -> 0
A13: Fournisseurs | B13: =+B12 -> 28/3 - 3/4 | C13: PCN | M13: =SUM(D13:L13) -> 0 | P13: =SUM(N13:O13) -> 0
A14: Fournisseurs | B14: =+B13 -> 28/3 - 3/4 | C14: Autres filiales | M14: =SUM(D14:L14) -> 0 | P14: =SUM(N14:O14) -> 0
A15: Fournisseurs | B15: =+B14 -> 28/3 - 3/4 | C15: Prélèvements TIERS | M15: =SUM(D15:L15) -> 0 | P15: =SUM(N15:O15) -> 0
A16: Fournisseurs | B16: =+B15 -> 28/3 - 3/4 | C16: Frais bancaires | M16: =SUM(D16:L16) -> 0 | P16: =SUM(N16:O16) -> 0
A17: Fournisseurs | B17: =+B16 -> 28/3 - 3/4 | C17: Cartes affaires / procurement | M17: =SUM(D17:L17) -> 0 | P17: =SUM(N17:O17) -> 0
A18: Fournisseurs | B18: =+B17 -> 28/3 - 3/4 | C18: Autres frais généraux | M18: =SUM(D18:L18) -> 0 | P18: =SUM(N18:O18) -> 0
A19: Fournisseurs (potentiel) | B19: =DAY(B4+2)&"/"&MONTH(B4+2)&" - "&DAY(B97+1)&"/"&MONTH(B97+1) -> 28/3 - 3/4 | C19: Fournisseurs (potentiel) | M19: =SUM(D19:L19) -> 0 | P19: =SUM(N19:O19) -> 0
A20: Fournisseurs (potentiel) | B20: =+B19 -> 28/3 - 3/4 | C20: Virements TIERS (potentiel) | M20: =SUM(D20:L20) -> 0 | P20: =SUM(N20:O20) -> 0
A21: Fournisseurs (potentiel) | B21: =+B20 -> 28/3 - 3/4 | C21: Virements FILIALES (potentiel) | M21: =SUM(D21:L21) -> 0 | P21: =SUM(N21:O21) -> 0
A22: Fournisseurs (potentiel) | B22: =+B21 -> 28/3 - 3/4 | C22: PSRO | M22: =SUM(D22:L22) -> 0 | P22: =SUM(N22:O22) -> 0
A23: Fournisseurs (potentiel) | B23: =+B22 -> 28/3 - 3/4 | C23: PCN | M23: =SUM(D23:L23) -> 0 | P23: =SUM(N23:O23) -> 0
A24: Fournisseurs (potentiel) | B24: =+B23 -> 28/3 - 3/4 | C24: Autres filiales | M24: =SUM(D24:L24) -> 0 | P24: =SUM(N24:O24) -> 0
A25: Personnel et organismes sociaux | B25: =DAY(B4+2)&"/"&MONTH(B4+2)&" - "&DAY(B97+1)&"/"&MONTH(B97+1) -> 28/3 - 3/4 | C25: Personnel et organismes sociaux | M25: =SUM(D25:L25) -> 0 | P25: =SUM(N25:O25) -> 0
A26: Personnel et organismes sociaux | B26: =+B25 -> 28/3 - 3/4 | C26: Charges de personnel | M26: =SUM(D26:L26) -> 0 | P26: =SUM(N26:O26) -> 0
A27: Personnel et organismes sociaux | B27: =+B26 -> 28/3 - 3/4 | C27: Salaires | M27: =SUM(D27:L27) -> 0 | P27: =SUM(N27:O27) -> 0
A28: Personnel et organismes sociaux | B28: =+B27 -> 28/3 - 3/4 | C28: URSSAF | M28: =SUM(D28:L28) -> 0 | P28: =SUM(N28:O28) -> 0
A29: Personnel et organismes sociaux | B29: =+B28 -> 28/3 - 3/4 | C29: Prélèvement à la source | M29: =SUM(D29:L29) -> 0 | P29: =SUM(N29:O29) -> 0
A30: Personnel et organismes sociaux | B30: =+B29 -> 28/3 - 3/4 | C30: Autres charges de personnel | M30: =SUM(D30:L30) -> 0 | P30: =SUM(N30:O30) -> 0
A31: Personnel et organismes sociaux | B31: =+B30 -> 28/3 - 3/4 | C31: Mutuelle | M31: =SUM(D31:L31) -> 0 | P31: =SUM(N31:O31) -> 0
A32: Personnel et organismes sociaux | B32: =+B31 -> 28/3 - 3/4 | C32: Retraite | M32: =SUM(D32:L32) -> 0 | P32: =SUM(N32:O32) -> 0
A33: Personnel et organismes sociaux | B33: =+B32 -> 28/3 - 3/4 | C33: Intéressement et participation | M33: =SUM(D33:L33) -> 0 | P33: =SUM(N33:O33) -> 0
A34: Impôts et taxes | B34: =DAY(B4+2)&"/"&MONTH(B4+2)&" - "&DAY(B97+1)&"/"&MONTH(B97+1) -> 28/3 - 3/4 | C34: Impôts et taxes | M34: =SUM(D34:L34) -> 0 | P34: =SUM(N34:O34) -> 0
A35: Impôts et taxes | B35: =+B34 -> 28/3 - 3/4 | C35: TVA | M35: =SUM(D35:L35) -> 0 | P35: =SUM(N35:O35) -> 0
A36: Impôts et taxes | B36: =+B35 -> 28/3 - 3/4 | C36: CET (CVAE + CFE) | M36: =SUM(D36:L36) -> 0 | P36: =SUM(N36:O36) -> 0
A37: Impôts et taxes | B37: =+B36 -> 28/3 - 3/4 | C37: Autres taxes | M37: =SUM(D37:L37) -> 0 | P37: =SUM(N37:O37) -> 0
A38: Impôts et taxes | B38: =+B37 -> 28/3 - 3/4 | C38: Taxe foncière | M38: =SUM(D38:L38) -> 0 | P38: =SUM(N38:O38) -> 0
A39: Impôts et taxes | B39: =+B38 -> 28/3 - 3/4 | C39: C3S | M39: =SUM(D39:L39) -> 0 | P39: =SUM(N39:O39) -> 0
A40: Impôts et taxes | B40: =+B39 -> 28/3 - 3/4 | C40: Effort de construction (PEEC) | M40: =SUM(D40:L40) -> 0 | P40: =SUM(N40:O40) -> 0
A41: Impôts et taxes | B41: =+B40 -> 28/3 - 3/4 | C41: UIMM | M41: =SUM(D41:L41) -> 0 | P41: =SUM(N41:O41) -> 0
A42: Impôts et taxes | B42: =+B41 -> 28/3 - 3/4 | C42: CETIM | M42: =SUM(D42:L42) -> 0 | P42: =SUM(N42:O42) -> 0
A43: Impôts | B43: =+B42 -> 28/3 - 3/4 | C43: Autres taxes | M43: =SUM(D43:L43) -> 0 | P43: =SUM(N43:O43) -> 0
A44: Décaissements ponctuels | B44: =DAY(B4+2)&"/"&MONTH(B4+2)&" - "&DAY(B97+1)&"/"&MONTH(B97+1) -> 28/3 - 3/4 | C44: Décaissements ponctuels | M44: =SUM(D44:L44) -> 0 | P44: =SUM(N44:O44) -> 0
A45: Décaissements ponctuels | B45: =+B44 -> 28/3 - 3/4 | C45: Dividendes payés | M45: =SUM(D45:L45) -> 0 | P45: =SUM(N45:O45) -> 0
A46: Décaissements ponctuels | B46: =+B45 -> 28/3 - 3/4 | C46: CSE | M46: =SUM(D46:L46) -> 0 | P46: =SUM(N46:O46) -> 0
A47: Décaissements ponctuels | B47: =+B46 -> 28/3 - 3/4 | C47: Autres décaissements | M47: =SUM(D47:L47) -> 0 | P47: =SUM(N47:O47) -> 0
A48: ENCAISSEMENTS (hors potentiel) | B48: =+B49 -> 25/3 - 31/3 | C48: ENCAISSEMENTS (hors potentiel) | M48: =SUM(D48:L48) -> 0 | P48: =SUM(N48:O48) -> 0
A49: Clients | B49: =DAY(B4-1)&"/"&MONTH(B4-1)&" - "&DAY(B97-2)&"/"&MONTH(B97-2) -> 25/3 - 31/3 | C49: Clients | M49: =SUM(D49:L49) -> 0 | P49: =SUM(N49:O49) -> 0
A50: Clients | B50: =+B49 -> 25/3 - 31/3 | C50: LCR transférées | M50: =SUM(D50:L50) -> 0 | P50: =SUM(N50:O50) -> 0
A51: Clients | B51: =+B50 -> 25/3 - 31/3 | C51: LCR non transférées | M51: =SUM(D51:L51) -> 0 | P51: =SUM(N51:O51) -> 0
A52: Clients | B52: =+B51 -> 25/3 - 31/3 | C52: Virements TIERS (C) | M52: =SUM(D52:L52) -> 0 | P52: =SUM(N52:O52) -> 0
A53: Clients | B53: =+B52 -> 25/3 - 31/3 | C53: Virements FILIALES (C) | M53: =SUM(D53:L53) -> 0 | P53: =SUM(N53:O53) -> 0
A54: Clients | B54: =+B53 -> 25/3 - 31/3 | C54: Volentieri (BNP) + Iberica (CA) | M54: =SUM(D54:L54) -> 0 | P54: =SUM(N54:O54) -> 0
A55: Clients | B55: =+B54 -> 25/3 - 31/3 | C55: Italia (BNP) + America (BNP) | M55: =SUM(D55:L55) -> 0 | P55: =SUM(N55:O55) -> 0
A56: Clients | B56: =+B55 -> 25/3 - 31/3 | C56: Pera (CA) | M56: =SUM(D56:L56) -> 0 | P56: =SUM(N56:O56) -> 0
A57: Clients | B57: =+B56 -> 25/3 - 31/3 | C57: Pellenc GmbH (CRCA) | M57: =SUM(D57:L57) -> 0 | P57: =SUM(N57:O57) -> 0
A58: Clients | B58: =+B57 -> 25/3 - 31/3 | C58: Pellenc Australia (CRCA) | M58: =SUM(D58:L58) -> 0 | P58: =SUM(N58:O58) -> 0
A59: Clients | B59: =+B58 -> 25/3 - 31/3 | C59: Pellenc South Africa (CRCA) | M59: =SUM(D59:L59) -> 0 | P59: =SUM(N59:O59) -> 0
A60: Clients | B60: =+B59 -> 25/3 - 31/3 | C60: Pellenc Maroc (CRCA) | M60: =SUM(D60:L60) -> 0 | P60: =SUM(N60:O60) -> 0
A61: Clients | B61: =+B60 -> 25/3 - 31/3 | C61: Pellenc Sud America (CRCA) | M61: =SUM(D61:L61) -> 0 | P61: =SUM(N61:O61) -> 0
A62: Clients | B62: =+B61 -> 25/3 - 31/3 | C62: Autres filiales | M62: =SUM(D62:L62) -> 0 | P62: =SUM(N62:O62) -> 0
A63: Clients (potentiel) | B63: =DAY(B4-1)&"/"&MONTH(B4-1)&" - "&DAY(B97-2)&"/"&MONTH(B97-2) -> 25/3 - 31/3 | C63: Clients (potentiel) | M63: =SUM(D63:L63) -> 0 | P63: =SUM(N63:O63) -> 0
A64: Clients (potentiel) | B64: =+B63 -> 25/3 - 31/3 | C64: Virements TIERS (potentiel) (C) | M64: =SUM(D64:L64) -> 0 | P64: =SUM(N64:O64) -> 0
A65: Clients (potentiel) | B65: =+B64 -> 25/3 - 31/3 | C65: Virements FILIALES (potentiel) (C) | M65: =SUM(D65:L65) -> 0 | P65: =SUM(N65:O65) -> 0
A66: Clients (potentiel) | B66: =+B65 -> 25/3 - 31/3 | C66: Pellenc GmbH (CRCA) | M66: =SUM(D66:L66) -> 0 | P66: =SUM(N66:O66) -> 0
A67: Clients (potentiel) | B67: =+B66 -> 25/3 - 31/3 | C67: Pellenc Australia (CRCA) | M67: =SUM(D67:L67) -> 0 | P67: =SUM(N67:O67) -> 0
A68: Clients (potentiel) | B68: =+B67 -> 25/3 - 31/3 | C68: Pellenc South Africa (CRCA) | M68: =SUM(D68:L68) -> 0 | P68: =SUM(N68:O68) -> 0
A69: Clients (potentiel) | B69: =+B68 -> 25/3 - 31/3 | C69: Pellenc Maroc (CRCA) | M69: =SUM(D69:L69) -> 0 | P69: =SUM(N69:O69) -> 0
A70: Clients (potentiel) | B70: =+B69 -> 25/3 - 31/3 | C70: Pellenc Sud America (CRCA) | M70: =SUM(D70:L70) -> 0 | P70: =SUM(N70:O70) -> 0
A71: Clients (potentiel) | B71: =+B70 -> 25/3 - 31/3 | C71: Autres filiales | M71: =SUM(D71:L71) -> 0 | P71: =SUM(N71:O71) -> 0
A72: Encaissements ponctuels | B72: =DAY(B4-1)&"/"&MONTH(B4-1)&" - "&DAY(B97-2)&"/"&MONTH(B97-2) -> 25/3 - 31/3 | C72: Encaissements ponctuels | M72: =SUM(D72:L72) -> 0 | P72: =SUM(N72:O72) -> 0
A73: Encaissements ponctuels | B73: =+B72 -> 25/3 - 31/3 | C73: Dividendes reçus | M73: =SUM(D73:L73) -> 0 | P73: =SUM(N73:O73) -> 0
A74: Encaissements ponctuels | B74: =+B73 -> 25/3 - 31/3 | C74: Etat et organismes publics | M74: =SUM(D74:L74) -> 0 | P74: =SUM(N74:O74) -> 0
A75: Encaissements ponctuels | B75: =+B74 -> 25/3 - 31/3 | C75: Remboursement TVA | M75: =SUM(D75:L75) -> 0 | P75: =SUM(N75:O75) -> 0
A76: Encaissements ponctuels | B76: =+B75 -> 25/3 - 31/3 | C76: Remboursement CIR | M76: =SUM(D76:L76) -> 0 | P76: =SUM(N76:O76) -> 0
A77: Encaissements ponctuels | B77: =+B76 -> 25/3 - 31/3 | C77: Autres versements | M77: =SUM(D77:L77) -> 0 | P77: =SUM(N77:O77) -> 0
A78: Encaissements ponctuels | B78: =+B77 -> 25/3 - 31/3 | C78: Autres encaissements | M78: =SUM(D78:L78) -> 0 | P78: =SUM(N78:O78) -> 0
A79: OPERATIONS DE GESTION | B79: =+B78 -> 25/3 - 31/3 | C79: OPERATIONS DE GESTION | M79: =SUM(D79:L79) -> 0 | P79: =SUM(N79:O79) -> 0
A80: Compte à compte | B80: =+B79 -> 25/3 - 31/3 | C80: Compte à compte | M80: =SUM(D80:L80) -> 0 | P80: =SUM(N80:O80) -> 0
A81: Achat dollars | B81: =+B80 -> 25/3 - 31/3 | C81: Achat dollars | M81: =SUM(D81:L81) -> 0 | P81: =SUM(N81:O81) -> 0
A82: Ajustement | B82: =+B81 -> 25/3 - 31/3 | C82: Ajustement | M82: =SUM(D82:L82) -> 0 | P82: =SUM(N82:O82) -> 0
A83: Intragroupe | B83: =+B82 -> 25/3 - 31/3 | C83: Intragroupe | M83: =SUM(D83:L83) -> 0 | P83: =SUM(N83:O83) -> 0
A84: Intragroupe | B84: =+B83 -> 25/3 - 31/3 | C84: Remboursement FILIALES | M84: =SUM(D84:L84) -> 0 | P84: =SUM(N84:O84) -> 0
... A96: Banque | B96: =+B95 -> 25/3 - 31/3 | C96: Rembst Crédit renouvelable | M96: =SUM(D96:L96) -> 0 | P96: =SUM(N96:O96) -> 0
A97: Solde min. | B97: =+B4+7 -> 45018 | C97: Solde min. | D97: =+SUM(D4,D8,D48,D79) -> 100000 | E97: =+SUM(E4,E8,E48,E79) -> 1700000 | F97: =+SUM(F4,F8,F48,F79) -> 800000 | G97: =+SUM(G4,G8,G48,G79) -> 4500000 | H97: =+SUM(H4,H8,H48,H79) -> 60000 | I97: =+SUM(I4,I8,I48,I79) -> 0 | J97: =+SUM(J4,J8,J48,J79) -> 40000 | K97: =+SUM(K4,K8,K48,K79) -> 1000000 | L97: =+SUM(L4,L8,L48,L79) -> 300000 | M97: =SUM(D97:L97) -> 8500000 | N97: =+SUM(N4,N8,N48,N79) -> 180000 | O97: =+SUM(O4,O8,O48,O79) -> 250000 | P97: =SUM(N97:O97) -> 430000
C98: Solde haut | D98: =+SUM(D5,D8,D48,D79)+D63 -> 120000 | E98: =+SUM(E5,E8,E48,E79)+E63 -> 1900000 | F98: =+SUM(F5,F8,F48,F79)+F63 -> 1000000 | G98: =+SUM(G5,G8,G48,G79)+G63 -> 5200000 | H98: =+SUM(H5,H8,H48,H79)+H63 -> 80000 | I98: =+SUM(I5,I8,I48,I79)+I63 -> 0 | J98: =+SUM(J5,J8,J48,J79)+J63 -> 80000 | K98: =+SUM(K5,K8,K48,K79)+K63 -> 1200000 | L98: =+SUM(L5,L8,L48,L79)+L63 -> 350000 | M98: =SUM(D98:L98) -> 9930000 | N98: =+SUM(N5,N8,N48,N79)+N63 -> 200000 | O98: =+SUM(O5,O8,O48,O79)+O63 -> 400000 | P98: =SUM(N98:O98) -> 600000
B99: =+B97+1 -> 45019 | D99: =IF(D$3=0,IF(D97+D101>0,1,0),IF((D97+D101)>0.8*-D$3,1,0)) -> 1 | E99: =IF(E$3=0,IF(E97+E101>0,1,0),IF((E97+E101)>0.8*-E$3,1,0)) -> 1 | F99: =IF(F$3=0,IF(F97+F101>0,1,0),IF((F97+F101)>0.8*-F$3,1,0)) -> 1 | G99: =IF(G$3=0,IF(G97+G101>0,1,0),IF((G97+G101)>0.8*-G$3,1,0)) -> 1 | H99: =IF(H$3=0,IF(H97+H101>0,1,0),IF((H97+H101)>0.8*-H$3,1,0)) -> 1 | I99: =IF(I$3=0,IF(I97+I101>0,1,0),IF((I97+I101)>0.8*-I$3,1,0)) -> 0 | J99: =IF(J$3=0,IF(J97+J101>0,1,0),IF((J97+J101)>0.8*-J$3,1,0)) -> 1 | K99: =IF(K$3=0,IF(K97+K101>0,1,0),IF((K97+K101)>0.8*-K$3,1,0)) -> 1 | L99: =IF(L$3=0,IF(L97+L101>0,1,0),IF((L97+L101)>0.8*-L$3,1,0)) -> 1 | N99: =IF(N$3=0,IF(N97+N101>0,1,0),IF((N97+N101)>0.8*-N$3,1,0)) -> 1 | O99: =IF(O$3=0,IF(O97+O101>0,1,0),IF((O97+O101)>0.8*-O$3,1,0)) -> 1
A101: DECAISSEMENTS (avec potentiel) | B101: =+B102 -> 4/4 - 10/4 | C101: DECAISSEMENTS (avec potentiel) | D101: =SUM(D102,D112,D118,D137,D127) -> 0 | E101: =SUM(E102,E112,E118,E137,E127) -> 0 | F101: =SUM(F102,F112,F118,F137,F127) -> 0 | G101: =SUM(G102,G112,G118,G137,G127) -> 0 | H101: =SUM(H102,H112,H118,H137,H127) -> 0 | I101: =SUM(I102,I112,I118,I137,I127) -> 0 | J101: =SUM(J102,J112,J118,J137,J127) -> 0 | K101: =SUM(K102,K112,K118,K137,K127) -> 0 | L101: =SUM(L102,L112,L118,L137,L127) -> 0 | M101: =SUM(D101:L101) -> 0 | N101: =SUM(N102,N112,N118,N137,N127) -> 0 | O101: =SUM(O102,O112,O118,O137,O127) -> 0 | P101: =SUM(N101:O101) -> 0
A102: Fournisseurs | B102: =DAY(B97+2)&"/"&MONTH(B97+2)&" - "&DAY(B190+1)&"/"&MONTH(B190+1) -> 4/4 - 10/4 | C102: Fournisseurs | D102: =+SUM(D103:D104,D108) -> 0 | E102: =+SUM(E103:E104,E108) -> 0 | F102: =+SUM(F103:F104,F108) -> 0 | G102: =+SUM(G103:G104,G108) -> 0 | H102: =+SUM(H103:H104,H108) -> 0 | I102: =+SUM(I103:I104,I108) -> 0 | J102: =+SUM(J103:J104,J108) -> 0 | K102: =+SUM(K103:K104,K108) -> 0 | L102: =+SUM(L103:L104,L108) -> 0 | M102: =SUM(D102:L102) -> 0 | N102: =+SUM(N103:N104,N108) -> 0 | O102: =+SUM(O103:O104,O108) -> 0 | P102: =SUM(N102:O102) -> 0
A103: Fournisseurs | B103: =+B102 -> 4/4 - 10/4 | C103: Virements TIERS | M103: =SUM(D103:L103) -> 0 | P103: =SUM(N103:O103) -> 0
A104: Fournisseurs | B104: =+B103 -> 4/4 - 10/4 | C104: Virements FILIALES | M104: =SUM(D104:L104) -> 0 | P104: =SUM(N104:O104) -> 0
A105: Fournisseurs | B105: =+B104 -> 4/4 - 10/4 | C105: PSRO | M105: =SUM(D105:L105) -> 0 | P105: =SUM(N105:O105) -> 0
A106: Fournisseurs | B106: =+B105 -> 4/4 - 10/4 | C106: PCN | M106: =SUM(D106:L106) -> 0 | P106: =SUM(N106:O106) -> 0
A107: Fournisseurs | B107: =+B106 -> 4/4 - 10/4 | C107: Autres filiales | M107: =SUM(D107:L107) -> 0 | P107: =SUM(N107:O107) -> 0
A108: Fournisseurs | B108: =+B107 -> 4/4 - 10/4 | C108: Prélèvements TIERS | M108: =SUM(D108:L108) -> 0 | P108: =SUM(N108:O108) -> 0
A109: Fournisseurs | B109: =+B108 -> 4/4 - 10/4 | C109: Frais bancaires | M109: =SUM(D109:L109) -> 0 | P109: =SUM(N109:O109) -> 0
A110: Fournisseurs | B110: =+B109 -> 4/4 - 10/4 | C110: Cartes affaires / procurement | M110: =SUM(D110:L110) -> 0 | P110: =SUM(N110:O110) -> 0
A111: Fournisseurs | B111: =+B110 -> 4/4 - 10/4 | C111: Autres frais généraux | M111: =SUM(D111:L111) -> 0 | P111: =SUM(N111:O111) -> 0
A112: Fournisseurs (potentiel) | B112: =DAY(B97+2)&"/"&MONTH(B97+2)&" - "&DAY(B190+1)&"/"&MONTH(B190+1) -> 4/4 - 10/4 | C112: Fournisseurs (potentiel) | M112: =SUM(D112:L112) -> 0 | P112: =SUM(N112:O112) -> 0
A113: Fournisseurs (potentiel) | B113: =+B112 -> 4/4 - 10/4 | C113: Virements TIERS (potentiel) | M113: =SUM(D113:L113) -> 0 | P113: =SUM(N113:O113) -> 0
...

Sheet Feuil1
B1: Soldes Initial€ | C1: Solde MAJ | D1: Encours € | F1: Disponible €
A2: s0 | B2: 4093106 | D2: 39000000 | F2: 68000000 | G2: 39000000 | Q2: =IF(B3<$H$2,D2+$H$2-B3,D2) -> 39000000
A3: S1 | B3: 4418296 | D3: =IF(B3<0,D2-B3,D2) -> 39000000 | I3: si solde negatif faire un tirage du même montant une fois que que le solde passe en positif rembourser le tirage
A4: S2 | B4: 3772496 | D4: =IF(B4<0,D3-B4,D3) -> 39000000 | I4: Si solde positif ne pas faire tirage
A5: S3 | B5: 3402131 | D5: =IF(B5<0,D4-B5,D4) -> 39000000 | I5: Mettre à jour les soldes à chaque tirage
A6: S4 | B6: 6218479 | D6: =IF(B6<0,D5-B6,D5) -> 39000000 | I6: Dès que le solde passe en positif l'encours doit diminuer
A7: S5 | B7: -928021 | D7: =IF(B7<0,D6-B7,D6) -> 39928021 | E7: =+B7+928021 -> 0
A8: S6 | B8: =-365521 -> -365521 | C8: =B8+IF(D7>D6,-B7,B8) -> 562500 | D8: =IF(B8<0,D7-B8,D7) -> 40293542
A9: S7 | B9: =-1103316 -> -1103316 | C9: =B9+IF(D8>D7,-$B$7,B9) -> -175295 | D9: =IF(B9<0,D8-B9,D8) -> 41396858
A10: S8 | B10: =-1712446 -> -1712446 | C10: =B10+IF(D9>D8,-$B$7,B10) -> -784425 | D10: =IF(B10<0,D9-B10,D9) -> 43109304
A11: s9 | B11: 500000 | C11: =B11+IF(D10>D9,-$B$7,B11) -> 1428021 | D11: =IF(B11<0,D10-B11,D10) -> 43109304
C12: =B12+IF(D11>D10,-$B$7,B12) -> 0
B14: Soldes $ | D14: Encours $ | F14: Disponible $
A15: s0 | D15: 0 | F15: 1500000
A16: S1
A17: S2
A18: S3 | E18: =-928021+928021 -> 0
A19: S4 | E19: =-365521+928021 -> 562500
A20: S5 | E20: =-1103316+928021 -> -175295
A21: S6 | E21: =-1712446+928021 -> -784425
A22: S7
A23: S8
A24: S9
B29: Encours RCF | D29: Dette Globale | F29: % lignes tirées
B30: 30 | D30: 50 | F30: =+B30/D30 -> 0.6
B32: Solde | D32: Tirage | F32: MAJ Encours | G32: MAJ % lignes tirées
A33: S1 | B33: -2 | D33: 2 | F33: 32 | G33: =+F33/D30 -> 0.64
